 Dungeon Crawl Stone Soup version 0.32-a0-938-g40ac7a0 (webtiles) character file.

Game seed: 15472455595305472973

12984634 diche the Conqueror (level 27, 246/246 HPs)
             Began as an Octopode Shapeshifter on Apr 18, 2024.
             Was the Champion of the Shining One.
             Escaped with the Orb
             ... and 15 runes!
             The game lasted 03:53:48 (124831 turns).

diche the Conqueror (Octopode Shapeshifter)       Turns: 124831, Time: 03:53:48

Health: 246/246    AC: 31    Str: 28    XL:     27
Magic:  23/63      EV: 73    Int: 22    God:    the Shining One [******]
Gold:   15623      SH:  0    Dex: 33    Spells: 51/80 levels left

rFire   + +          +
                       - Unarmed
rCold   + + +        (shield currently unavailable)
rNeg    + + +        (helmet currently unavailable)
rPois   ∞            n - amulet "Yptoedgho" {rF++ Regen+ Int+3}
rElec   +            W - ring of Gutodwy {Str+6 Int+3 Dex+5}
rCorr   +            r - +4 ring of protection
SInv    +            V - +4 ring of protection
Will    ++++.        C - ring of Ycleprai {rF++ rC+ Slay+4}
Stlth   +            b - ring of Jangiffo {rCorr AC+4 Int+3 Stlth+}
HPRegen 1.41/turn    S - ring of Xixaacam {Fly Str+4 Dex+6}
MPRegen 0.38/turn    G - +4 ring of protection
                     f - ring of Tessicie {rC++ Will+ MP+9 Str+2}

%: no passive effects
@: storm-form, flying, glowing, studying 6 skills
A: cleaving, insubstantial, flying, almost no armour, amphibious, 8 rings,
(camouflage 1), (gelatinous body 1), (nimble swimmer 1), (tentacles), (beak),
see invisible, strong-willed 1, robust 1, (shaggy fur 1), MP-powered wands
0: Orb of Zot
}: 15/15 runes: decaying, serpentine, slimy, silver, golden, iron, obsidian,
icy, bone, abyssal, demonic, glowing, magical, fiery, dark
a: Blinkbolt, Begin Untransformation, Renounce Religion, Divine Shield,
Cleansing Flame, Summon Divine Warrior, Brand Weapon With Holy Wrath


You escaped.
You worshipped the Shining One.
The Shining One was exalted by your worship.
You were a lightning-filled tempest!
You visited 18 branches of the dungeon, and saw 88 of its levels.
You visited Pandemonium 2 times, and saw 16 of its levels.
You visited the Abyss 2 times.
You visited 1 ziggurat, and saw 26 of its levels.
You also visited: Trove, Sewer, Bailey, Ice Cave and Volcano.

You collected 35184 gold pieces.
You spent 7635 gold pieces at shops.
You paid 11926 gold pieces to Gozag.

Inventory:

Armour
 N - the Charlatan's Orb {orb Evoboost}
   (You found it on level 18 of a ziggurat)

   It massively reduces your stealth.
   It interferes with translocations, delaying teleports.
   Evoboost:  It boosts the power of your evoked items.
Jewellery
 b - the ring of Jangiffo (on tentacle) {rCorr AC+4 Int+3 Stlth+}
   (You bought it in a shop on level 1 of the Lair of Beasts)

   [ring of protection]

   AC+4:      It affects your AC (+4).
   Int+3:     It affects your intelligence (+3).
   rCorr:     It protects you from acid and corrosion.
   Stlth+:    It makes you more stealthy.
 f - the ring of Tessicie (on tentacle) {rC++ Will+ MP+9 Str+2}
   (You found it on level 20 of a ziggurat)

   [ring of magical power]

   Str+2:     It affects your strength (+2).
   rC++:      It greatly protects you from cold.
   Will+:     It increases your willpower.
   MP+9:      It affects your magic capacity (+9).
 n - the amulet "Yptoedgho" (around neck) {rF++ Regen+ Int+3}
   (You bought it in a shop on level 1 of the Lair of Beasts)

   [amulet of regeneration]

   Int+3:     It affects your intelligence (+3).
   rF++:      It greatly protects you from fire.
   Regen+:    It increases your rate of health regeneration.
 r - a +4 ring of protection (right tentacle)
 t - the amulet of Wooxkousink {rC+ Regen+ Str+2}
   (You found it on level 25 of a ziggurat)

   [amulet of regeneration]

   Str+2:     It affects your strength (+2).
   rC+:       It protects you from cold.
   Regen+:    It increases your rate of health regeneration.
 C - the ring of Ycleprai (on tentacle) {rF++ rC+ Slay+4}
   (You acquired it on level 21 of a ziggurat)

   [ring of slaying]

   Slay+4:    It affects your accuracy & damage with ranged weapons and melee
   (+4).
   rF++:      It greatly protects you from fire.
   rC+:       It protects you from cold.
 G - a +4 ring of protection (on tentacle)
 H - a +4 ring of protection
 O - the ring "Cienot" {*Corrode EV+5 Int+6 Stlth+}
   (You found it on level 7 of the Iron City of Dis)

   [ring of evasion]

   EV+5:      It affects your evasion (+5).
   Int+6:     It affects your intelligence (+6).
   *Corrode:  It may corrode you when you take damage.
   Stlth+:    It makes you more stealthy.
 Q - the ring "Coehuv" {rF- Will++ rCorr MP+9 Stlth+}
   (You found it on level 3 of the Tomb of the Ancients)

   [ring of magical power]

   rF-:       It makes you vulnerable to fire.
   Will++:    It greatly increases your willpower.
   MP+9:      It affects your magic capacity (+9).
   rCorr:     It protects you from acid and corrosion.
   Stlth+:    It makes you more stealthy.
 S - the ring of Xixaacam (on tentacle) {Fly Str+4 Dex+6}
   (You found it on level 9 of a ziggurat)

   [ring of dexterity]

   Str+4:     It affects your strength (+4).
   Dex+6:     It affects your dexterity (+6).
   Fly:       It grants you flight.
 V - a +4 ring of protection (on tentacle)
 W - the ring of Gutodwy (left tentacle) {Str+6 Int+3 Dex+5}
   (You found it on level 17 of a ziggurat)

   [ring of strength]

   Str+6:     It affects your strength (+6).
   Int+3:     It affects your intelligence (+3).
   Dex+5:     It affects your dexterity (+5).
 X - the ring of Dapnab {Wiz MP+9 Str+3}
   (You found it on level 3 of the Tomb of the Ancients)

   [ring of wizardry]

   Wiz:       It improves your spell success rate.
   Str+3:     It affects your strength (+3).
   MP+9:      It affects your magic capacity (+9).
 Z - the ring of the Mage {Wiz Archmagi}
   (You bought it in a shop on level 1 of the Lair of Beasts)

   [ring of wizardry]

   Wiz:       It improves your spell success rate.
   Archmagi:  It increases the power of your magical spells.
Talismans
 k - a storm talisman (active)
Wands
 D - a wand of warping (146)
 L - a wand of digging (38)
 U - a wand of quicksilver (38)
Scrolls
 d - 11 scrolls of poison
 e - 14 scrolls of vulnerability
 g - 18 scrolls of immolation
 h - 7 scrolls of summoning
 j - 13 scrolls of blinking
 o - 11 scrolls of noise
 u - 16 scrolls of fog
 v - 37 scrolls of teleportation
 y - 9 scrolls of silence
 A - 17 scrolls of revelation
 M - 14 scrolls of amnesia
 T - 3 scrolls of fear
Potions
 a - 17 potions of lignification
 l - 6 potions of magic
 m - 7 potions of ambrosia
 p - 7 potions of invisibility
 q - 19 potions of mutation
 s - 9 potions of enlightenment
 w - 2 potions of haste
 z - 9 potions of heal wounds
 B - 7 potions of cancellation
 E - 12 potions of might
 F - 14 potions of brilliance
 I - 11 potions of resistance
 K - 31 potions of curing
 R - 8 potions of attraction
 Y - 7 potions of berserk rage
Miscellaneous
 c - a box of beasts
 i - a condenser vane
 x - a phantom mirror
 J - a Gell's gravitambourine (2/2)
 P - a figurine of a ziggurat


   Skills:
 O Level 27 Fighting
 O Level 27 Dodging
 O Level 27 Unarmed Combat
 O Level 27 Spellcasting
 O Level 27 Translocations
 O Level 27 Ice Magic
 - Level 5.0 Air Magic
 O Level 27 Invocations
 + Level 25.1 Evocations
 O Level 27 Shapeshifting


You had 51 spell levels left.
You knew the following spells:

 Your Spells              Type           Power      Damage    Failure   Level
a - Manifold Assault      Tloc           49%        N/A       0%          7
b - Vhi's Electric Charg  Tloc/Air       100%       N/A       0%          4
c - Polar Vortex          Ice            49%        12d6*     1%          9
d - Yara's Violent Unrav  Hex/Alch       14%        3d7       28%         5
e - Passage of Golubria   Tloc           99%        N/A       0%          4

Your spell library contained the following spells:

 Spells                   Type           Power      Damage    Failure   Level
 Apportation              Tloc           100%       N/A       0%          1
 Freeze                   Ice            100%       1d10      0%          1
 Blink                    Tloc           100%       N/A       0%          2
 Ensorcelled Hibernation  Hex/Ice        100%       N/A       0%          2
 Lesser Beckoning         Tloc           100%       N/A       0%          2
 Frozen Ramparts          Ice            100%       1d16      0%          3
 Hailstorm                Conj/Ice       73%        3d13      0%          3
 Maxwell's Portable Pile  Tloc           99%        2d(15-43) 0%          3
 Ozocubu's Armour         Ice            99%        N/A       0%          3
 Summon Ice Beast         Ice/Summ       73%        N/A       0%          3
 Teleport Other           Tloc           99%        N/A       0%          3
 Volatile Blastmotes      Fire/Tloc      100%       2d18      0%          3
 Dispersal                Tloc           49%        N/A       0%          6
 Gell's Gavotte           Tloc           49%        2d(33-50) 0%          6
 Ozocubu's Refrigeration  Ice            49%        4d18      0%          7
 Foxfire                  Conj/Fire      100%       2x1d9     1%          1
 Kiss of Death            Conj/Necr      100%       2d13      1%          1
 Magic Dart               Conj           100%       1d8       1%          1
 Necrotise                Necr           100%       1d9       1%          1
 Sandblast                Erth           58%        2d13      1%          1
 Shock                    Conj/Air       100%       1d9       1%          1
 Slow                     Hex            100%       N/A       1%          1
 Sting                    Conj/Alch      100%       1d9       1%          1
 Summon Small Mammal      Summ           100%       N/A       1%          1
 Call Imp                 Summ           58%        N/A       1%          2
 Cigotuvi's Dreadful Rot  Necr/Alch/Air  74%        N/A       1%          2
 Jinxbite                 Hex            58%        N/A       1%          2
 Mercury Vapours          Alch/Air       80%        N/A       1%          2
 Searing Ray              Conj           58%        2d6       1%          2
 Static Discharge         Conj/Air       80%        3-7/arc   1%          2
 Mephitic Cloud           Conj/Alch/Air  37%        N/A       1%          3
 Swiftness                Air            51%        N/A       1%          3
 Airstrike                Air            25%        2d(4-20)  1%          4
 Dimensional Bullseye     Hex/Tloc       36%        N/A       1%          4
 Iskenderun's Mystic Bla  Conj/Tloc      73%        2d15      (+2d81%     4
 Freezing Cloud           Conj/Ice/Air   33%        6-21      1%          5
 Summon Forest            Summ/Tloc      36%        N/A       1%          5
 Permafrost Eruption      Ice/Erth       36%        2x4d9     1%          6
 Sculpt Simulacrum        Ice/Alch       36%        N/A       1%          6
 Disjunction              Tloc           49%        N/A       1%          8
 Call Canine Familiar     Summ           29%        N/A       3%          3
 Confusing Touch          Hex            29%        N/A       3%          3
 Dazzling Flash           Conj/Hex       58%        N/A       3%          3
 Fugue of the Fallen      Necr           29%        N/A       3%          3
 Inner Flame              Hex/Fire       29%        N/A       3%          3
 Passwall                 Erth           29%        N/A       3%          3
 Sigil of Binding         Hex            29%        N/A       3%          3
 Stone Arrow              Conj/Erth      58%        3d10      3%          3
 Tukima's Dance           Hex            29%        N/A       3%          3
 Vampiric Draining        Necr           29%        2d8       3%          3
 Summon Lightning Spire   Summ/Air       40%        N/A       3%          4
 Malign Gateway           Summ/Tloc      36%        N/A       3%          7
 Anguish                  Hex/Necr       14%        N/A       11%         4
 Animate Dead             Necr           29%        N/A       11%         4
 Brom's Barrelling Bould  Conj/Erth      29%        2d5       11%         4
 Cause Fear               Hex            14%        N/A       11%         4
 Dispel Undead            Necr           29%        3d13      11%         4
 Flame Wave               Conj/Fire      29%        2d9       11%         4
 Fulminant Prism          Conj/Alch      14%        3d8       11%         4
 Ignite Poison            Fire/Alch      29%        N/A       11%         4
 Leda's Liquefaction      Alch/Erth      14%        N/A       11%         4
 Martyr's Knell           Necr/Summ      29%        N/A       11%         4
 Olgreb's Toxic Radiance  Alch           29%        N/A       11%         4
 Petrify                  Alch/Erth      29%        N/A       11%         4
 Sticky Flame             Fire/Alch      29%        2d7       11%         4
 Summon Blazeheart Golem  Fire/Summ      29%        N/A       11%         4
 Arcjolt                  Conj/Air       20%        1d30      11%         5
 Silence                  Hex/Air        20%        N/A       11%         5
 Alistair's Intoxication  Alch           19%        N/A       28%         5
 Borgnjor's Vile Clutch   Necr/Erth      14%        N/A       28%         5
 Curse of Agony           Necr           29%        N/A       28%         5
 Fireball                 Conj/Fire      14%        3d8       28%         5
 Irradiate                Conj/Alch      14%        3d16      28%         5
 Lee's Rapid Deconstruct  Erth           14%        3d9*      28%         5
 Summon Mana Viper        Hex/Summ       29%        N/A       28%         5
 Conjure Ball Lightning   Conj/Air       20%        3x3d6     50%         6
 Plasma Beam              Fire/Air       20%        2x1d32    50%         6
 Bombard                  Conj/Erth      14%        9d3       85%         6
 Death Channel            Necr           14%        N/A       85%         6
 Eringya's Noxious Bog    Alch           14%        4d6       85%         6
 Starburst                Conj/Fire      14%        6d6       85%         6
 Summon Cactus Giant      Summ           14%        N/A       85%         6
 Haunt                    Necr/Summ      14%        N/A       100%        7
 Monstrous Menagerie      Summ           14%        N/A       100%        7
 Orb of Destruction       Conj           14%        9d7       100%        7
 Spellforged Servitor     Conj/Summ      14%        N/A       100%        7
 Summon Hydra             Summ           14%        N/A       100%        7
 Discord                  Hex            14%        N/A       100%        8
 Ignition                 Fire           14%        3d6       100%        8
 Infestation              Necr           14%        N/A       100%        8
 Lehudib's Crystal Spear  Conj/Erth      14%        10d5      100%        8
 Maxwell's Capacitive Co  Air            25%        ∞         100%        8
 Summon Horrible Things   Summ           14%        N/A       100%        8
 Chain Lightning          Conj/Air       20%        3d26      100%        9
 Death's Door             Necr           14%        N/A       100%        9
 Dragon's Call            Summ           14%        N/A       100%        9
 Fire Storm               Conj/Fire      14%        8d4       100%        9
 Shatter                  Erth           14%        3d14*     100%        9
 Sublimation of Blood     Necr           Unusable   N/A       N/A         2

Dungeon Overview and Level Annotations

Branches:
Dungeon (15/15)            Temple (1/1) D:5            Lair (5/5) D:8
  Swamp (4/4) Lair:3        Snake (4/4) Lair:3        Slime (5/5) Lair:4
    Orc (2/2) D:11            Elf (3/3) Orc:2        Vaults (5/5) D:13
  Crypt (3/3) Vaults:2       Tomb (3/3) Crypt:3      Depths (4/4) D:15
   Hell (visited)             Dis (7/7) Hell            Geh (7/7) Hell
    Coc (7/7) Hell            Tar (7/7) Hell            Zot (5/5) Depths:4
  Sewer (visited)          Bailey (visited)           IceCv (visited)
Volcano (visited)

Altars:
Ashenzari
Cheibriados
Dithmenos
Elyvilon
Fedhas
Gozag
Hepliaklqana
Kikubaaqudgha
Makhleb
Nemelex Xobeh
Okawaru
Qazlal
Ru
Sif Muna
Trog
Uskayaw
Vehumet
Wu Jian
Xom
Yredelemnul
Zin
The Shining One
Beogh
Jiyva
Lugonu

Shops:
D:10 *   D:12 *   D:14 !   Orc:2 (((!(   Elf:2 (   Elf:3 (   Lair:1 ?:?*?*==?
Snake:2 [   Snake:3 (   Snake:4 =   Vaults:1 =   Vaults:2 =   Vaults:4 ?[[*
Depths:1 :==

Portals:
Hell: Depths:1 Depths:2 Depths:4
Abyss: D:9
Pandemonium: Depths:1 Depths:2

Annotations:
Zot:5 4 transporters


Innate Abilities, Weirdness & Mutations

You are a lightning-filled tempest!
Your electrical attacks strike out in all directions at once.
You are incredibly evasive.
Your insubstantial body is immune to petrification, constriction, and being set on fire You are flying.
Your armour is entirely melded.
You are incapable of wielding weapons or throwing items.
You cannot wear most types of armour.
You are amphibious.
You can wear up to eight rings at the same time.
You are immune to poison.
((Your skin changes colour to match your surroundings (Stealth+).))
((Your rubbery body absorbs attacks. (AC +1, EV +1)))
((You are camouflaged when in or above water. (Stealth+)))
((You have tentacles for arms and can constrict up to eight enemies at once.))
((You have a beak for a mouth.))
You have supernaturally acute eyesight. (SInv)
You are strong-willed. (Will+)
You are robust. (+10% HP)
((You are covered in fur. (AC +1)))
You expend magic power (3 MP) to strengthen your wands.


Message History

Your base attributes are Str 16, Int 13, Dex 22.
Casting: Manifold Assault (safe; 0% risk of failure)
Confirm with . or Enter, or press ? or * to list all spells.
Okay, then.
There is a staircase leading out of the dungeon here. 3의 마력를 얻었습니다. 현재 마력은 [14/63] 입니다.
There is an open door here. 9의 마력을 얻었습니다. 현재 마력은 [23/63] 입니다.
A smoke demon comes into view.
There is an open door here. 4의 마력을 얻었습니다. 현재 마력은 [27/63] 입니다.
Casting: Manifold Assault (safe; 0% risk of failure)
Confirm with . or Enter, or press ? or * to list all spells.
Space momentarily warps into an impossible shape!
You blast the smoke demon!!!!
You kill the smoke demon!
The Shining One accepts your kill.
You feel your power returning.
Unknown command. 현재 남은 마력은 [22/63] 입니다.
Casting: Manifold Assault (safe; 0% risk of failure)
Confirm with . or Enter, or press ? or * to list all spells.
You can't see any susceptible monsters within range! (Use Z to cast anyway.)
A ynoxinul comes into view. 4의 마력을 얻었습니다. 현재 마력은 [26/63] 입니다.
Casting: Manifold Assault (safe; 0% risk of failure)
Confirm with . or Enter, or press ? or * to list all spells.
Space momentarily warps into an impossible shape!
You blast the ynoxinul!!!!
You kill the ynoxinul!
The Shining One accepts your kill.
You feel your power returning.
Unknown command. 현재 남은 마력은 [22/63] 입니다.
Casting: Manifold Assault (safe; 0% risk of failure)
Confirm with . or Enter, or press ? or * to list all spells.
You can't see any susceptible monsters within range! (Use Z to cast anyway.)
There is a staircase leading out of the dungeon here.
You can't go down here!
You have escaped!

..........#######...............#
..........##.......§§...........#
.............####.§§§......#....#
..........########§§§§....##...##
......÷÷.######..§§#########..##
......)..).....♣♣♣##.......'..#
....#.......#[...##........#§.#
....###...##..####.......§.§..#
.............###v......§§§.#§.#
.>....#........###.....§§§§+§.#
.....##....###...##.....§§§#§§#
...............♣♣♣##.....§§§..#
...................#########..#
......#.###.##.####.§§....##..#
##......# #.#..## ##§#####.#..#
##....### #.....# ##.# #....#
......######....# #.# ###..#


There were no monsters in sight!

Vanquished Creatures
  Cerebov (Pan)
  Antaeus (Coc:7)
  Asmodeus (Geh:7)
  Dissolution (Slime:4)
  the Royal Jelly (Slime:5)
  Ereshkigal (Tar:7)
  Mnoleg (Pan)
  Gloorx Vloq (Pan)
  the Serpent of Hell (Tar:7)
  Lom Lobon (Pan)
  Dispater (Dis:7)
  15 dread liches
  16 ancient liches
  4 orbs of fire
  Mara (Vaults:5)
  5 juggernauts
  Xtahua (Crypt:3)
  Sojobo (Vaults:2)
  38 royal mummies
  6 Killer Klowns
  Bai Suzhen (Elf:3)
  39 shard shrikes
  the Lernaean hydra (Swamp:4)
  38 caustic shrikes
  The ghost of Piquiwax the Shatterer, an adept OnIE of Cheibriados (Vaults:2)
  The ghost of Ciwiv the Executioner, a veteran FoFi of Dithmenos (Crypt:1)
  Geryon (Hell)
  4 curse toes
  14 golden dragons
  Jory (Crypt:2)
  6 profane servitors
  12 bone dragons
  23 Tzitzimimeh
  20 pandemonium lords
  10 doom hounds
  29 Brimstone Fiends
  4 electric golems
  Jorgrun (Snake:1)
  4 spectral shard shrikes
  Rupert (Snake:1)
  24 Hell Sentinels
  13 hellephants
  10 iron giants
  A walking earthen tome (Depths:4)
  32 titans
  26 Ice Fiends
  28 Orb Guardians
  11 tainted leviathans
  26 tentacled monstrosities
  16 liches
  10 quicksilver dragons
  4 deep elf blademasters
  2 deep elf master archers (Elf:3)
  22 searing wretches
  The ghost of 9stopf the Warrior, an adept OnGl of Cheibriados (Snake:4)
  Murray (Depths:4)
  16 sphinxes
  8 death cobs
  31 Executioners
  10 tentacled starspawn
  41 acid blobs
  42 ancient champions
  A thorn hunter (Zig:11)
  16 shadow dragons
  Donald (Snake:1)
  20 storm dragons
  12 tengu reavers
  17 revenants
  15 demonspawn warmongers
  12 protean progenitors
  6 fenstrider witches
  18 azure jellies
  A daeva (Pan)
  13 iron dragons
  4 nagarajas
  Aizul (Swamp:3)
  5 draconian monks
  14 draconian shifters
  21 narguns
  34 fire giants
  20 draconian knights
  10 rockslimes
  13 shard shrike simulacra
  11 quicksilver elementals
  22 vault wardens
  14 draconian scorchers
  11 deep elf sorcerers
  16 frost giants
  7 emperor scorpions
  2 caustic shrike zombies
  54 balrugs
  9 curse skulls
  6 spectral caustic shrikes
  6 draconian stormcallers
  3 spectral juggernauts
  15 ghost moths
  A juggernaut zombie (Zig:15)
  17 ironbound preservers
  39 reapers
  An angel (Abyss:3)
  6 orc warlords
  5 deep elf elementalists
  9 ghouls
  13 draconian annihilators
  33 stone giants
  30 cacodemons
  A broodmother (Zig:20)
  7 ironbound thunderhulks
  18 demonspawn blood saints
  2 juggernaut skeletons (Pan)
  25 very ugly things
  15 quicksilver oozes
  13 demonspawn corrupters
  7 formless jellyfish
  3 starflowers
  8 vampire knights
  15 green draconians
  24 dire elephants
  5 caustic shrike skeletons
  30 elemental wellsprings
  16 putrid mouths
  9 bunyips
  5 deep elf demonologists (Elf:3)
  16 white draconians
  24 wendigos
  13 demonspawn black suns
  12 purple draconians
  6 bennus
  13 black draconians
  13 lorocyprocas
  9 deep elf annihilators
  10 deep elf death magi
  3 halazid warlocks (Tar:2)
  45 war gargoyles
  13 eleionomae
  18 yellow draconians
  Snorg (D:12)
  21 iron golems
  A dire elephant (shapeshifter) (Zig:16)
  14 spark wasps
  16 red draconians
  13 eidola
  15 ettins
  A spectral quicksilver dragon (Tar:5)
  20 mummy priests
  29 green deaths
  A spectral golden dragon (Tar:3)
  27 blizzard demons
  5 crystal guardians
  A merfolk javelineer (Zig:12)
  5 fire dragons
  Josephine (D:10)
  10 shambling mangroves
  4 entropy weavers
  12 great orbs of eyes
  21 yaktaur captains
  8 jiangshi
  10 deep elf high priests
  3 spectral spriggans
  2 spriggan zombies
  Erolcha (Orc:2)
  15 salamander tyrants
  6 ice dragons
  4 ogre magi
  12 rakshasas
  5 spriggan air magi
  7 ghost crabs
  36 vault guards
  6 hell beasts
  4 catoblepae
  13 anacondas
  A quicksilver dragon skeleton (Crypt:3)
  7 juggernaut simulacra
  2 peacekeepers
  9 alligators
  28 hydras
  2 merfolk aquamancers
  7 centaur warriors
  13 caustic shrike simulacra
  3 jorogumos
  8 ironbound frosthearts
  A spectral stone giant (Zig:6)
  24 stokers
  2 radroaches
  2 death knights
  33 dancing weapons
  8 boulder beetles
  2 satyrs (Pan)
  9 two-headed ogres
  15 deep troll shamans
  45 demonic crawlers
  An alligator snapping turtle (Zig:12)
  2 titan zombies
  A spectral storm dragon (Tar:2)
  52 death scarabs
  17 deep troll earth magi
  20 hell hogs
  3 tengu warriors
  14 death yaks
  6 vampire magi
  10 occultists
  6 naga warriors
  11 orc high priests (Zig:21)
  2 spectral dire elephants
  3 spriggan berserkers
  8 thrashing horrors
  7 shock serpents
  66 soul eaters
  3 naga sharpshooters
  14 wretched stars
  39 hell knights
  18 deep elf knights
  2 storm dragon zombies
  9 crystal echidnas
  96 sun demons
  5 skysharks (Zig:18)
  3 titan skeletons
  5 deep elf archers
  2 cherubim (Pan)
  7 hellephant skeletons (Pan)
  9 salamander mystics
  3 spatial maelstroms
  7 pharaoh ants
  30 sixfirhies
  29 skeletal warriors
  2 sea snakes (Zig:12)
  16 shadow wraiths
  A spark wasp zombie (Crypt:1)
  2 anaconda zombies (Hell)
  3 bunyip zombies
  14 goliath frogs
  3 sea snakes (shapeshifter)
  A skyshark (shapeshifter) (Depths:4)
  A spectral anaconda (Tar:4)
  2 deep trolls (shapeshifter) (Zig:16)
  8 quicksilver dragon simulacra
  A death drake (shapeshifter) (D:14)
  6 arcanists
  2 bunyip skeletons
  11 spriggan druids
  15 naga ritualists
  6 glowing orange brains
  A mana viper (shapeshifter) (Zig:16)
  19 swamp dragons
  2 orb spiders (shapeshifter)
  17 mana vipers
  51 deep trolls
  2 orb spiders
  16 iron trolls
  24 shadow demons
  7 spriggan simulacra
  9 bog bodies
  11 lindwurms
  An anaconda skeleton (Hell)
  A sun moth (shapeshifter) (Vaults:5)
  15 phantasmal warriors
  17 sun moths
  6 flayed ghosts
  4 obsidian bats (Zig:21)
  23 ironbound convokers
  67 large abominations
  A fenstrider witch simulacrum (Coc:2)
  26 oklob plants
  29 deep elf zephyrmancers
  A frost giant zombie (Vaults:4)
  3 steelbarb worms
  21 necromancers
  9 orc knights
  24 deep elf pyromancers
  30 ugly things
  5 thermic dynamos
  2 tengu skeletons
  15 salamanders
  8 harpies
  A cyclops (shapeshifter) (Vaults:5)
  2 human zombies
  11 orc sorcerers
  A stone giant zombie (Crypt:2)
  6 manticores
  A manticore (shapeshifter) (Abyss:4)
  11 shining eyes
  2 spectral ettins
  5 will-o-the-wisps
  8 wolf spiders
  8 cyclopes
  2 iron dragon zombies
  A jorogumo skeleton (Crypt:1)
  2 shadow dragon skeletons
  20 moths of wrath
  A moth of wrath (shapeshifter) (Depths:2)
  A meliai (Zig:20)
  An elephant (shapeshifter) (D:13)
  Joseph (D:8)
  A salamander (shapeshifter) (Vaults:5)
  6 worldbinders
  3 human skeletons (Vaults:2)
  49 black mambas
  16 elephants
  2 stone giant skeletons (Vaults:2)
  A black mamba (shapeshifter) (D:13)
  3 water nymphs (Zig:12)
  A frost giant skeleton (Vaults:2)
  7 guardian serpents
  91 smoke demons
  7 titan simulacra
  5 toenail golems (Volcano)
  A centaur zombie (Crypt:3)
  A dire elephant zombie (Hell)
  9 kobold blastminers
  An alligator snapping turtle zombie (Crypt:3)
  A torpor snail (shapeshifter) (Vaults:1)
  13 rust devils
  4 ice statues
  A spectral centaur (Tar:2)
  21 vault sentinels
  4 apocalypse crabs (Zig:16)
  2 naga zombies
  13 torpor snails
  4 molten gargoyles (Hell)
  20 naga magi
  Maggie (D:8)
  34 orange demons
  26 cane toads
  A swamp worm zombie (Crypt:1)
  4 eyes of devastation
  2 dire elephant skeletons
  A minotaur zombie (Tomb:2)
  The ghost of Girthnturf the Shooter, a novice CoHu of Fedhas (D:5)
  10 freezing wraiths
  An unseen horror (shapeshifter) (D:15)
  2 rime drakes (Zig:18)
  An unseen horror (D:12)
  2 sea snake zombies (Hell)
  26 yaktaurs
  14 efreet
  39 hellions
  A storm dragon simulacrum (Coc:1)
  3 kobold demonologists
  2 bunyip simulacra (Coc:2)
  16 komodo dragons
  41 tormentors
  2 elf skeletons (Vaults:2)
  18 ice devils
  A komodo dragon (shapeshifter) (Zig:3)
  53 guardian mummies
  A pale draconian skeleton (Crypt:2)
  8 tengu conjurers
  A spectral naga (Tar:1)
  A hydra zombie (Hell)
  A golden dragon simulacrum (Coc:6)
  An iron giant simulacrum (Coc:2)
  A great orb of eyes zombie (Crypt:2)
  10 anaconda simulacra
  A sea snake skeleton (Hell)
  13 trolls
  10 red devils
  3 bloated husks
  2 harpy zombies
  8 ancient zymes
  3 silent spectres
  33 hellwings (Pan)
  2 spectral harpies
  2 tarantellas
  14 tyrant leeches
  A merfolk (shapeshifter) (Zig:16)
  2 polar bears
  9 merfolk (Zig:12)
  A tengu simulacrum (Coc:1)
  Prince Ribbit (D:7)
  A glass eye (shapeshifter) (Zig:16)
  33 hornets
  4 iron dragon simulacra
  28 blink frogs
  11 raiju
  6 glass eyes
  3 harpy skeletons
  A snapping turtle (shapeshifter) (Zig:16)
  A fire dragon zombie (Crypt:3)
  6 jumping spiders
  A death drake skeleton (Crypt:2)
  2 snapping turtles (Zig:12)
  A hydra skeleton (Hell)
  An ettin zombie (Vaults:4)
  An ice dragon zombie (Crypt:3)
  Sigmund (D:3)
  3 stone giant simulacra
  115 slime creatures
  2 ettin skeletons (Vaults:2)
  2 shadows
  A spriggan (shapeshifter) (Zig:16)
  13 dire elephant simulacra
  A fire dragon skeleton (Hell)
  4 air elementals
  3 culicivoras
  16 wraiths
  A spectral black mamba (Tar:1)
  4 water elementals
  9 spriggans
  50 ynoxinuls
  63 starcursed masses
  34 ushabtiu
  A wyvern (shapeshifter) (Abyss:4)
  A fire bat (shapeshifter) (Zig:16)
  17 wyverns
  28 yaks
  3 alligator snapping turtle simulacra
  A yak (shapeshifter) (Elf:1)
  3 fire elementals
  11 golden eyes
  5 humans (Volcano)
  7 redbacks
  3 vampire mosquitoes (Swamp:4)
  31 neqoxecs
  9 wargs
  A redback (shapeshifter) (Zig:24)
  42 chaos spawn
  2 death yak simulacra (IceCv)
  7 basilisks
  A steam dragon (Lair:3)
  22 harpy simulacra
  2 spatial vortices
  Menkaure (D:7)
  A swamp worm (shapeshifter) (Zig:16)
  17 swamp worms
  38 nagas
  A cane toad zombie (Crypt:2)
  An acid dragon (D:12)
  A water moccasin (shapeshifter) (Zig:16)
  4 hydra simulacra
  2 glowing shapeshifter zombies (Vaults:2)
  A faun skeleton (Crypt:1)
  36 water moccasins
  7 hell hounds (D:12)
  A glowing shapeshifter skeleton (Zig:15)
  A naga skeleton (Crypt:3)
  55 orc warriors
  7 ettin simulacra
  4 ice beasts
  4 black bears
  63 laughing skulls
  8 swamp drakes
  24 wolves
  13 ogres
  13 centaurs
  2 phantoms
  2 elf simulacra
  9 kobold brigands
  A swamp dragon skeleton (Tomb:1)
  3 weeping skulls
  An elf zombie (Crypt:1)
  6 scorpions
  A draconian skeleton (Crypt:1)
  3 earth elementals
  12 bullfrogs
  2 brain worms (Abyss:2)
  10 small abominations
  A demonspawn simulacrum (Coc:1)
  A cane toad simulacrum (IceCv)
  3 gnoll sergeants
  A wight (D:10)
  An elephant simulacrum (IceCv)
  11 killer bees
  A troll zombie (Crypt:2)
  6 spriggan skeletons
  8 howler monkeys
  2 bombardier beetles (D:5)
  A quasit (Abyss:3)
  4 hounds
  2 centaur skeletons
  11 orc priests
  4 iguanas
  4 iron imps (Abyss:3)
  18 orc wizards
  2 sleepcaps
  7 hell rats
  A troll simulacrum (IceCv)
  A crocodile skeleton (Crypt:2)
  A hound skeleton (Crypt:1)
  60 mummies
  Robin (D:2)
  18 gnolls
  10 adders
  3 naga simulacra
  A river rat (Sewer)
  2 shadow imps
  19 white imps
  6 ufetubi
  5 ribbon worms
  68 orcs
  13 ball pythons
  6 endoplasms
  4 giant cockroaches
  8 hobgoblins
  9 jackals
  17 kobolds
  3 quokkas
  5 bats
  6 frilled lizards
  A frilled lizard zombie (Crypt:2)
  16 goblins
  11 rats
  A spectral orc (D:15)
  7 aspiring fleshes
  6 creeping infernos
  7 fire vortices
  2 lurking horrors
  2 spectral weapons (Zig:16)
  8 starspawn tentacles
5501 creatures vanquished.

Vanquished Creatures (collateral kills)
  Mlioglotl (Swamp:3)
  2 blizzard demons (Pan)
  A hydra (Swamp:3)
  An alligator (Swamp:3)
  A hell knight (D:12)
  A shadow demon (Pan)
  2 goliath frogs (Swamp:3)
  A will-o-the-wisp (Swamp:3)
  2 smoke demons (Pan)
12 creatures vanquished.

Vanquished Creatures (others)
  A dread lich (Zig:23)
  3 shard shrike simulacra
  An ironbound preserver (Vaults:5)
  A wendigo (Coc:4)
  A demonspawn black sun (Zig:26)
  A caustic shrike simulacrum (Coc:7)
  A hydra (Zig:11)
  A juggernaut simulacrum (Coc:4)
  A stoker (Geh:7)
  A demonic crawler (Zig:20)
  A glowing orange brain (Pan)
  A quicksilver dragon simulacrum (Coc:2)
  A swamp dragon (Zig:22)
  A steelbarb worm (Zig:20)
  A spriggan simulacrum (Coc:7)
  A hellion (Coc:2)
  2 anaconda simulacra
  A tyrant leech (Swamp:4)
  A bloated husk (Swamp:4)
  A hornet (Swamp:3)
  An iron dragon simulacrum (Coc:7)
  A raiju (Abyss:2)
  A stone giant simulacrum (Coc:3)
  A spriggan (Swamp:3)
  A harpy simulacrum (Coc:7)
  A chaos spawn (Pan)
  A hydra simulacrum (Coc:2)
  An orc warrior (Vaults:5)
  2 ettin simulacra
  A naga simulacrum (Coc:4)
  An ufetubus (D:5)
  12 foxfires
  A lurking horror (Abyss:3)
  4 starspawn tentacles
52 creatures vanquished.

Grand Total: 5565 creatures vanquished

Notes
Turn   | Place    | Note
-------+----------+-------------------------------------------
     0 | D:1      | diche the Octopode Shapeshifter began the quest for the
                  | Orb.
     0 | D:1      | Reached XP level 1. HP: 13/13 MP: 1/1
    64 | D:1      | Reached XP level 2. HP: 5/18 MP: 2/2
   458 | D:1      | Reached XP level 3. HP: 23/23 MP: 3/3
   872 | D:2      | Noticed Robin
   891 | D:2      | Killed Robin
   892 | D:2      | Reached XP level 4. HP: 29/29 MP: 4/4
  1439 | D:3      | Found a glowing drain.
  1478 | Sewer    | Entered a sewer
  1528 | Sewer    | Noticed a kobold brigand
  1563 | Sewer    | Killed a kobold brigand
  1564 | Sewer    | Reached XP level 5. HP: 18/35 MP: 5/5
  1821 | Sewer    | Noticed a kobold brigand
  1840 | Sewer    | Killed a kobold brigand
  1841 | Sewer    | Reached XP level 6. HP: 41/41 MP: 6/6
  2074 | Sewer    | Reached skill level 5 in Shapeshifting
  2112 | Sewer    | HP: 2/42 [kobold brigand/+0 short sword of speed (7)]
  2115 | Sewer    | Reached XP level 7. HP: 25/46 MP: 7/7
  2429 | D:3      | Noticed Sigmund
  2441 | D:3      | Killed Sigmund
  2992 | D:3      | Found a faded altar of an unknown god.
  3437 | D:4      | Reached XP level 8. HP: 52/54 MP: 8/8
  3637 | D:4      | Found a burning altar of Makhleb.
  3637 | D:4      | Found a blossoming altar of Fedhas.
  3854 | D:5      | Entered Level 5 of the Dungeon
  3925 | D:5      | Reached skill level 5 in Unarmed Combat
  3955 | D:5      | Found a staircase to the Ecumenical Temple.
  3965 | Temple   | Entered the Ecumenical Temple
  3995 | Temple   | Became a worshipper of Gozag Ym Sagoz the Greedy
  4288 | D:5      | Found a large runed translucent door.
  4288 | D:5      | Found a large runed translucent door.
  4291 | D:5      | Noticed Girthnturf's ghost (novice CoHu)
  4379 | D:5      | Reached skill level 5 in Dodging
  4743 | D:5      | Reached skill level 5 in Fighting
  4743 | D:5      | Reached XP level 9. HP: 49/61 MP: 9/9
  5894 | D:6      | Identified the ring "Zump" {Will+ Str+3 SInv}
  5934 | D:6      | Found a stormy altar of Qazlal.
  6415 | D:7      | Noticed Menkaure
  6574 | D:7      | Noticed Prince Ribbit
  6581 | D:7      | Killed Prince Ribbit
  6589 | D:7      | Identified the +1 rapier "Utang" {flame, *Rage rElec rN+
                  | Str+5}
  6592 | D:7      | Killed Menkaure
  6646 | D:7      | Found a hide-covered altar of Uskayaw.
  6733 | D:7      | Reached XP level 10. HP: 46/68 MP: 10/10
  7441 | D:8      | Noticed Maggie
  7441 | D:8      | Noticed Joseph
  7461 | D:8      | Killed Maggie
  7707 | D:8      | Killed Joseph
  8140 | D:8      | Found a staircase to the Lair.
  8659 | D:9      | Found a flagged portal.
  8678 | Bailey   | Entered a bailey
  9197 | Bailey   | Identified the +2 storm dragon scales "Qakhu" {^Drain rElec
                  | Will+ Regen+ Str+3}
  9645 | D:9      | Noticed a two-headed ogre
  9646 | D:9      | Noticed a two-headed ogre
  9653 | D:9      | Killed a two-headed ogre
  9654 | D:9      | Reached skill level 10 in Shapeshifting
  9654 | D:9      | Reached XP level 11. HP: 54/75 MP: 11/11
  9657 | D:9      | Killed a two-headed ogre
  9854 | D:9      | Found a large runed translucent door.
  9854 | D:9      | Found a large runed translucent door.
  9854 | D:9      | Found a corrupted altar of Lugonu.
  9854 | D:9      | Noticed a green ugly thing
  9857 | D:9      | Identified the +1 robe of the Twisting Gods {rPois Dex+7}
  9908 | D:9      | Found a one-way gate to the infinite horrors of the Abyss.
  9961 | D:10     | Entered Level 10 of the Dungeon
 10107 | D:10     | Found Weguugof's Fire Supplies.
 10171 | D:10     | Noticed Josephine
 10186 | D:10     | Killed Josephine
 10709 | D:10     | Found a snail-covered altar of Cheibriados.
 10999 | D:11     | Noticed a cyclops
 11009 | D:11     | Killed a cyclops
 11015 | D:11     | Noticed a two-headed ogre
 11127 | D:11     | Killed a two-headed ogre
 11336 | D:11     | Noticed a boulder beetle
 11361 | D:11     | Killed a boulder beetle
 11579 | D:11     | Found a staircase to the Orcish Mines.
 11910 | D:11     | Noticed a two-headed ogre
 11918 | D:11     | Killed a two-headed ogre
 12140 | D:11     | Noticed a cyclops
 12147 | D:11     | Killed a cyclops
 12148 | D:11     | Reached XP level 12. HP: 84/84 MP: 12/12
 12330 | Lair:1   | Entered Level 1 of the Lair of Beasts
 12544 | Lair:1   | Identified the ring of Hoatwecixe {*Slow rElec rF+ rN+
                  | rCorr}
 13002 | Lair:1   | Noticed a four-headed hydra
 13487 | Lair:1   | Killed a four-headed hydra
 14309 | Lair:2   | Reached skill level 10 in Unarmed Combat
 14788 | Lair:3   | Noticed a seven-headed hydra
 14799 | Lair:3   | Found a staircase to the Swamp.
 14810 | Lair:3   | Noticed a four-headed hydra
 14824 | Lair:3   | Killed a four-headed hydra
 14907 | Lair:3   | Reached XP level 13. HP: 18/91 MP: 13/13
 14919 | Lair:3   | Reached skill level 10 in Dodging
 15219 | Lair:3   | Reached skill level 10 in Fighting
 17735 | Lair:3   | Found a staircase to the Snake Pit.
 17974 | Lair:4   | Found a runed translucent door.
 17975 | Lair:4   | Found a viscous altar of Jiyva.
 18640 | Lair:4   | Found a staircase to the Slime Pits.
 18694 | Lair:5   | Entered Level 5 of the Lair of Beasts
 18718 | Lair:5   | Reached XP level 14. HP: 99/99 MP: 14/14
 18990 | Lair:5   | Found a frozen archway.
 19020 | IceCv    | Entered an ice cave
 19620 | IceCv    | Noticed a reaper
 19627 | IceCv    | Killed a reaper
 20916 | Lair:5   | Reached skill level 15 in Shapeshifting
 21918 | Lair:5   | Reached XP level 15. HP: 108/108 MP: 15/15
 22182 | Lair:5   | Identified the +5 short sword "Qigeoje" {pain, Fly}
 23728 | D:5      | Killed Girthnturf's ghost
 24612 | D:12     | Noticed Snorg
 24621 | D:12     | Killed Snorg
 24961 | D:12     | Found a runed translucent door.
 25284 | D:12     | Found Cunum's CLEARANCE SALE!.
 25292 | D:12     | Bought a potion of heal wounds for 35 gold pieces
 25292 | D:12     | Bought 2 potions of might for 56 gold pieces
 26232 | D:13     | Found a gate to the Vaults.
 27133 | D:14     | Found Koekec's Distillery.
 27139 | D:14     | Bought a potion of curing for 45 gold pieces
 27139 | D:14     | Bought a potion of curing for 45 gold pieces
 27139 | D:14     | Bought a potion of might for 60 gold pieces
 27139 | D:14     | Bought a potion of might for 60 gold pieces
 27139 | D:14     | Bought a potion of resistance for 150 gold pieces
 27139 | D:14     | Bought a potion of mutation for 120 gold pieces
 27139 | D:14     | Bought a potion of brilliance for 60 gold pieces
 27139 | D:14     | Bought a potion of brilliance for 60 gold pieces
 27991 | D:15     | Entered Level 15 of the Dungeon
 28397 | D:15     | Reached XP level 16. HP: 116/116 MP: 16/16
 28717 | D:15     | Found a staircase to the Depths.
 29217 | D:15     | Found a portal to a secret trove of treasure.
 29576 | D:15     | Found a basalt altar of Yredelemnul.
 29814 | Orc:1    | Entered Level 1 of the Orcish Mines
 30002 | Orc:2    | Entered Level 2 of the Orcish Mines
 30002 | Orc:2    | Found Gisio's Weapon Shop.
 30097 | Orc:2    | Found a staircase to the Elven Halls.
 30175 | Orc:2    | Found a dark tunnel.
 30221 | Volcano  | Entered a volcano
 31245 | Orc:2    | Found Imial's Antique Weapon Emporium.
 31245 | Orc:2    | Found Hedidoof's Distillery.
 31245 | Orc:2    | Found Topex's Antique Weapon Boutique.
 31248 | Orc:2    | Found Lithuc's Weapon Shoppe.
 31255 | Orc:2    | Noticed Erolcha
 31295 | Orc:2    | Bought a potion of brilliance for 44 gold pieces
 31295 | Orc:2    | Bought a potion of lignification for 33 gold pieces
 31295 | Orc:2    | Bought a potion of brilliance for 44 gold pieces
 31295 | Orc:2    | Bought 2 potions of mutation for 176 gold pieces
 31295 | Orc:2    | Bought a potion of berserk rage for 55 gold pieces
 31295 | Orc:2    | Bought a potion of curing for 33 gold pieces
 31295 | Orc:2    | Bought a potion of brilliance for 44 gold pieces
 31465 | Orc:2    | Killed Erolcha
 31875 | Orc:1    | Found a roughly hewn altar of Beogh.
 32034 | Lair:1   | Bought the amulet "Yptoedgho" {rF++ Regen+ Int+3} for 912
                  | gold pieces
 32077 | Lair:1   | Bought the ring of Jangiffo {rCorr AC+4 Int+3 Stlth+} for
                  | 865 gold pieces
 32103 | Lair:1   | Bought a scroll of identify for 72 gold pieces
 32103 | Lair:1   | Bought a scroll of identify for 72 gold pieces
 32110 | Lair:1   | Identified a scroll of acquirement
 32111 | Lair:1   | Acquired a manual of Translocations
 32141 | Swamp:1  | Entered Level 1 of the Swamp
 32532 | Swamp:1  | Reached skill level 1 in Spellcasting
 33161 | Swamp:2  | Reached XP level 17. HP: 125/125 MP: 22/24
 33179 | Swamp:2  | Reached skill level 5 in Spellcasting
 33694 | Swamp:2  | Reached XP level 18. HP: 131/131 MP: 26/30
 33986 | Swamp:3  | Reached skill level 1 in Translocations
 34117 | Swamp:3  | Identified the serpent talisman of the Crypt {rN+}
 34117 | Swamp:3  | Noticed Aizul
 34118 | Swamp:3  | Noticed Mlioglotl
 34189 | Swamp:3  | Killed Mlioglotl
 34195 | Swamp:3  | Reached skill level 5 in Translocations
 34793 | Swamp:3  | Killed Aizul
 35122 | Lair:1   | Bought a book of the Warp for 1240 gold pieces
 35130 | Lair:1   | Learned a level 7 spell: Manifold Assault
 35135 | Lair:1   | Learned a level 4 spell: Vhi's Electric Charge
 35188 | Snake:1  | Entered Level 1 of the Snake Pit
 35199 | Snake:1  | Reached skill level 10 in Translocations
 35210 | Snake:1  | Reached skill level 1 in Air Magic
 35348 | Snake:1  | Found a transporter.
 35349 | Snake:1  | Found a shimmering blue altar of Sif Muna.
 35416 | Snake:1  | Noticed Donald
 35424 | Snake:1  | Killed Donald
 35700 | Snake:1  | Noticed Rupert
 35762 | Snake:1  | Killed Rupert
 35918 | Snake:1  | Identified the +8 sling "Baeddeys" {freeze, rF+ rN+ Str-2
                  | Int+3 Dex+2}
 35993 | Snake:1  | Noticed Jorgrun
 36004 | Snake:1  | Killed Jorgrun
 36314 | Snake:2  | Found Gaizehuj's Antique Armour Shoppe.
 36355 | Snake:1  | Reached skill level 5 in Air Magic
 36498 | Snake:2  | Reached XP level 19. HP: 114/136 MP: 8/32
 36706 | Snake:2  | Bought a spiked orb for 266 gold pieces
 36706 | Snake:2  | Identified the orb "Syma" {*channel, Will+ MP+9} (You
                  | bought it in a shop on level 2 of the Snake Pit)
 37193 | Lair:1   | Bought the ring of the Mage {Wiz Archmagi} for 765 gold
                  | pieces
 37193 | Lair:1   | Found the ring of the Mage {Wiz Archmagi}
 37343 | Snake:3  | Identified the +0 robe "Nairef" {Rampage ^Drain rF++ Dex-4}
 38577 | Snake:3  | Found Jaunkups's Weapon Shop.
 38723 | Snake:4  | Entered Level 4 of the Snake Pit
 38974 | Snake:4  | Reached skill level 10 in Spellcasting
 39504 | Snake:4  | Found Bomp's Jewellery Shoppe.
 39512 | Snake:4  | Bought a dragon-blood talisman for 660 gold pieces
 39620 | Snake:4  | Reached skill level 15 in Translocations
 40927 | Snake:4  | Got a serpentine rune of Zot
 41003 | Snake:4  | Identified the +4 whip "Sissax" {pain, rC++ rCorr Str+2}
 41005 | Snake:4  | Found a hide-covered altar of Uskayaw.
 41073 | Snake:4  | Found a large runed translucent door.
 41073 | Snake:4  | Found a large runed translucent door.
 41079 | Snake:4  | Noticed 9stopf's ghost (adept OnGl)
 41309 | Snake:4  | Killed 9stopf's ghost
 41520 | Swamp:4  | Entered Level 4 of the Swamp
 42157 | Swamp:4  | Reached XP level 20. HP: 143/143 MP: 18/35
 42165 | Swamp:4  | Paralysed by a hornet for 2 turns
 42429 | Swamp:4  | Noticed the 27-headed Lernaean hydra
 42602 | Swamp:4  | Killed the 27-headed Lernaean hydra
 42954 | Swamp:4  | Got a decaying rune of Zot
 43395 | Elf:1    | Entered Level 1 of the Elven Halls
 44961 | Elf:2    | Found Pokar's Weapon Shoppe.
 45723 | Elf:2    | Found a runed translucent gate.
 45724 | Elf:2    | Found a runed translucent gate.
 45724 | Elf:2    | Found a runed translucent gate.
 45766 | Elf:2    | Acquired 1073 gold pieces
 45835 | Elf:3    | Entered Level 3 of the Elven Halls
 46136 | Abyss:2  | Cast into level 2 of the Abyss (a deep elf sorcerer)
 46418 | Abyss:2  | Reached XP level 21. HP: 148/148 MP: 30/38
 46545 | Abyss:2  | Paralysed by accursed screaming for 1 turns
 46549 | Abyss:2  | Paralysed by accursed screaming for 1 turns
 46809 | Abyss:2  | Found a corrupted altar of Lugonu.
 46852 | Elf:3    | Escaped the Abyss
 47563 | Elf:3    | Identified the +10 glaive of Deflation {flame, Dex+7}
 47722 | Elf:3    | Identified the staff of Reranuy {^Drain rF+ Will+ Conj
                  | Tloc}
 47739 | Elf:3    | Got Plog's Book of Transmuted Accelerants
 47761 | Elf:3    | Found the +8 Wrath of Trog {antimagic, *Rage Rampage}
 47765 | Elf:3    | Identified the +1 broad axe "Weyteomu" {flame, rPois rF+
                  | Int+6 Dex-2}
 47769 | Elf:3    | Identified the quicksilver dragon scales "Paodimuc" {-Tele
                  | Will+ MP+9 Int+2 Stlth+}
 47799 | Elf:3    | Identified the staff "Pydoimia" {Dex+2 Conj}
 47812 | Elf:3    | Identified the +6 mace "Backscratcher" {flame, Dex+9}
 48101 | Elf:3    | Found Xaoskir's Weapon Emporium.
 48189 | Elf:3    | Noticed Bai Suzhen
 48196 | Elf:3    | Killed Bai Suzhen
 49447 | Vaults:1 | Entered Level 1 of the Vaults
 49896 | Vaults:1 | Identified the +0 battleaxe "Duradit" {heavy, ^Fragile rF+
                  | Will+}
 49972 | Vaults:1 | Found Nowuf's Jewellery Shop.
 50832 | Vaults:1 | Reached XP level 22. HP: 154/154 MP: 4/39
 52242 | Vaults:2 | Found a staircase to the Crypt.
 52308 | Vaults:2 | Noticed Sojobo
 52311 | Vaults:2 | Killed Sojobo
 53268 | Vaults:2 | Noticed Piquiwax's ghost (adept OnIE)
 53269 | Vaults:2 | Found a large runed translucent door.
 53269 | Vaults:2 | Found a large runed translucent door.
 53395 | Vaults:2 | Found Xexox's Jewellery Emporium.
 54709 | Vaults:3 | Paralysed by a sphinx for 3 turns
 55633 | Vaults:4 | Found Neeson's General Store.
 55670 | Vaults:4 | Reached skill level 15 in Fighting
 55670 | Vaults:4 | Reached XP level 23. HP: 162/162 MP: 40/40
 55976 | Vaults:4 | Found Tanain's Magic Scroll Shoppe.
 55991 | Vaults:4 | Bought a scroll of teleportation for 39 gold pieces
 55991 | Vaults:4 | Bought a scroll of fog for 52 gold pieces
 55991 | Vaults:4 | Bought a scroll of immolation for 52 gold pieces
 56390 | Vaults:4 | Found Ronkinin's Armour Boutique.
 56474 | Vaults:4 | Reached skill level 15 in Unarmed Combat
 56869 | Vaults:4 | Found Educhoar's Antique Armour Shop.
 57053 | Vaults:4 | Reached skill level 15 in Dodging
 57689 | Slime:1  | Entered Level 1 of the Pits of Slime
 58305 | Slime:3  | Gained mutation: You sometimes lose your temper in combat.
                  | [a shining eye]
 58577 | Slime:2  | Lost mutation: You sometimes lose your temper in combat.
                  | [potion of mutation]
 58577 | Slime:2  | Gained mutation: You do not regenerate when monsters are
                  | visible. [potion of mutation]
 58578 | Slime:2  | Lost mutation: You do not regenerate when monsters are
                  | visible. [potion of mutation]
 58578 | Slime:2  | Gained mutation: A frigid envelope surrounds you and
                  | freezes all who hurt you. [potion of mutation]
 58578 | Slime:2  | Gained mutation: You are strong-willed. (Will+) [potion of
                  | mutation]
 58578 | Slime:2  | Gained mutation: You are partially covered in iridescent
                  | scales. (AC +2) [potion of mutation]
 59328 | Slime:4  | Gained mutation: You do not regenerate when monsters are
                  | visible. [a shining eye]
 59472 | Slime:4  | Gained mutation: You occasionally lose the ability to read
                  | scrolls when taking damage. [a shining eye]
 59484 | Slime:4  | Gained mutation: Your body sometimes deteriorates upon
                  | taking damage. [a shining eye]
 59528 | Slime:5  | Entered Level 5 of the Pits of Slime
 59682 | Slime:5  | Noticed Dissolution
 59818 | Slime:5  | Noticed the Royal Jelly
 59820 | Slime:4  | Killed Dissolution
 61401 | Slime:5  | Found a viscous altar of Jiyva.
 61541 | Slime:5  | Killed the Royal Jelly
 61840 | Slime:5  | Reached XP level 24. HP: 177/177 MP: 40/40
 61843 | Slime:5  | Identified the +7 trident "Raox" {protect, rCorr}
 61845 | Slime:5  | Got the Textbook on the Wendigo and Transposition
 61847 | Slime:5  | Got a slimy rune of Zot
 61882 | Slime:5  | Got the Vademecum on Malediction
 61932 | Slime:5  | Identified the amulet of Zerutz {rElec RegenMP+}
 62661 | Lair:1   | Lost mutation: You are partially covered in iridescent
                  | scales. (AC +2) [potion of mutation]
 62661 | Lair:1   | Lost mutation: You are strong-willed. (Will+) [potion of
                  | mutation]
 62661 | Lair:1   | Lost mutation: You occasionally lose the ability to read
                  | scrolls when taking damage. [potion of mutation]
 62662 | Lair:1   | Lost mutation: A frigid envelope surrounds you and freezes
                  | all who hurt you. [potion of mutation]
 62662 | Lair:1   | Lost mutation: Your body sometimes deteriorates upon taking
                  | damage. [potion of mutation]
 62662 | Lair:1   | Gained mutation: You expend magic power (3 MP) to
                  | strengthen your wands. [potion of mutation]
 62662 | Lair:1   | Gained mutation: You possess an exceptional clarity of
                  | mind. [potion of mutation]
 62663 | Lair:1   | Lost mutation: You do not regenerate when monsters are
                  | visible. [potion of mutation]
 62663 | Lair:1   | Lost mutation: You expend magic power (3 MP) to strengthen
                  | your wands. [potion of mutation]
 62663 | Lair:1   | Gained mutation: You are agile. (Dex +4, Str/Int -1)
                  | [potion of mutation]
 62663 | Lair:1   | Gained mutation: You expend magic power (3 MP) to
                  | strengthen your wands. [potion of mutation]
 62665 | Lair:1   | Bought a scroll of acquirement for 676 gold pieces
 62665 | Lair:1   | Bought a scroll of teleportation for 39 gold pieces
 62665 | Lair:1   | Bought a scroll of fear for 52 gold pieces
 62665 | Lair:1   | Bought a scroll of teleportation for 39 gold pieces
 62665 | Lair:1   | Bought a scroll of fog for 52 gold pieces
 62665 | Lair:1   | Acquired a manual of Translocations
 62671 | Lair:1   | Bought a scroll of fear for 68 gold pieces
 62675 | Lair:1   | Bought a scroll of fear for 88 gold pieces
 62675 | Lair:1   | Bought a scroll of summoning for 209 gold pieces
 62675 | Lair:1   | Bought a scroll of summoning for 209 gold pieces
 62675 | Lair:1   | Bought a scroll of poison for 88 gold pieces
 62747 | Temple   | Fell from the grace of Gozag
 62747 | Temple   | Became a worshipper of the Shining One
 63036 | Crypt:1  | Entered Level 1 of the Crypt
 63113 | Crypt:1  | Reached * piety under the Shining One
 63123 | Crypt:1  | Reached skill level 1 in Invocations
 63239 | Crypt:1  | Reached ** piety under the Shining One
 63495 | Crypt:1  | Reached *** piety under the Shining One
 63571 | Crypt:1  | Found a runed translucent door.
 63571 | Crypt:1  | Noticed Ciwiv's ghost (veteran FoFi)
 63581 | Crypt:1  | Killed Ciwiv's ghost
 63986 | Crypt:2  | Noticed Jory
 63989 | Crypt:2  | Reached **** piety under the Shining One
 64166 | Crypt:2  | Killed Jory
 64190 | Crypt:2  | Reached ***** piety under the Shining One
 64288 | Crypt:2  | Reached skill level 5 in Invocations
 64963 | Crypt:3  | Entered Level 3 of the Crypt
 64964 | Crypt:3  | Reached ****** piety under the Shining One
 65378 | Crypt:3  | Noticed Xtahua
 65389 | Crypt:3  | Killed Xtahua
 65770 | Crypt:3  | Found a basalt altar of Yredelemnul.
 65770 | Crypt:3  | Noticed an ancient lich
 65777 | Crypt:3  | Killed an ancient lich
 65818 | Crypt:3  | Found the +8 demon blade "Leech" {evervamp, Harm ^Drain
                  | rN+}
 65832 | Crypt:3  | Identified the +5 ice dragon scales of Impermeability
                  | {-Tele rF- rC++ rN+ Int+4}
 66360 | Crypt:3  | Found a staircase to the Tomb.
 66803 | Vaults:5 | Entered Level 5 of the Vaults
 66813 | Vaults:5 | Reached XP level 25. HP: 142/186 MP: 29/40
 66920 | Vaults:5 | Identified the +9 glaive "Teschuja" {speed, Str+2 Dex+6}
 66924 | Vaults:5 | Noticed an ancient lich
 66926 | Vaults:5 | Reached skill level 10 in Invocations
 66931 | Vaults:5 | Killed an ancient lich
 66937 | Vaults:5 | Identified the amulet of Wariness {Faith Will+}
 67247 | Vaults:5 | Noticed Mara
 67251 | Vaults:5 | Killed Mara
 67328 | Vaults:5 | Noticed an ancient lich
 67336 | Vaults:5 | Killed an ancient lich
 67482 | Vaults:5 | Got Viunosh's Catalogue of Arson and Voltage
 67916 | Vaults:5 | Got Wocuh's Almanac of Mortification and Translocation
 67920 | Vaults:5 | Got a silver rune of Zot
 69213 | Snake:1  | Was forgiven by Gozag
 69229 | Snake:1  | Reached XP level 26. HP: 171/193 MP: 16/40
 69344 | Snake:1  | Got Cigotuvi's Incunabulum of the Shadowy Beaker
 69358 | Snake:1  | Found a transporter.
 69775 | Vaults:2 | Killed Piquiwax's ghost
 69995 | D:15     | You paid a toll of 7 scrolls of fear to enter a treasure
                  | trove
 69996 | Trove    | Entered a treasure trove
 70063 | Trove    | Identified the amulet "Letrush" {Faith Int+5}
 70066 | Trove    | Identified the amulet of Tiuzuut {*Slow rC- Will+++ Regen+
                  | RegenMP+}
 70088 | Trove    | Got the Annotations on the Lithosphere and Air
 70153 | Depths:1 | Entered Level 1 of the Depths
 70531 | Depths:1 | Found an ancient bone altar of Kikubaaqudgha.
 70580 | Depths:1 | Found a gateway to Hell.
 70580 | Depths:1 | Found the +5 scythe "Finisher" {speed, execute}
 70669 | Depths:1 | Reached skill level 1 in Ice Magic
 71030 | Depths:1 | Found Leddoyff's Jewellery Shop.
 71031 | Depths:1 | Found Selir's Book Shoppe.
 71033 | Depths:1 | Found Gaodigruk's Jewellery Shop.
 71096 | Depths:1 | Found a one-way gate leading to the halls of Pandemonium.
 71453 | Depths:2 | Found a one-way gateway to a ziggurat.
 71657 | Depths:2 | Found a transporter.
 71937 | Depths:2 | Found a transporter.
 72415 | Depths:2 | Reached skill level 5 in Ice Magic
 72533 | Depths:2 | Identified the ring "Feqyxeudgh" {rCorr Dex+6 SInv}
 72559 | Depths:2 | Identified the ring "Qoaquo" {Str+2 Int+6}
 72644 | Depths:3 | Found a shadowy altar of Dithmenos.
 73087 | Depths:3 | Identified the +9 rapier "Riamyryd" {chaos, *Noise Fly
                  | Int+5}
 73249 | Depths:3 | You are sucked into a shaft and drop 1 floor!
 73249 | Depths:4 | Entered Level 4 of the Depths
 73249 | Depths:4 | Noticed a juggernaut
 73254 | Depths:4 | Killed a juggernaut
 73714 | Depths:4 | Reached XP level 27. HP: 184/198 MP: 0/41
 73873 | Depths:4 | Found a blossoming altar of Fedhas.
 73921 | Depths:4 | Reached skill level 15 in Spellcasting
 74929 | Depths:4 | Found a gate to the Realm of Zot.
 75336 | Zot:1    | Entered Level 1 of the Realm of Zot
 75378 | Depths:4 | Reached skill level 10 in Ice Magic
 76154 | Zot:1    | Learned a level 9 spell: Polar Vortex
 76270 | Zot:1    | Learned a level 5 spell: Yara's Violent Unravelling
 76481 | Zot:1    | Got Sif Muna's Compilation of Iniquitous Rites and
                  | Hermetica
 76520 | Zot:1    | Learned a level 4 spell: Passage of Golubria
 78076 | Zot:3    | Reached skill level 15 in Ice Magic
 78329 | Zot:3    | Noticed an orb of fire
 78344 | Zot:3    | Killed an orb of fire
 78668 | Hell     | Entered the Vestibule of Hell
 78668 | Hell     | Noticed Geryon
 78679 | Hell     | Killed Geryon
 78809 | Hell     | Noticed Murray
 78919 | Depths:4 | Killed Murray
 79233 | Hell     | Found a gateway to the freezing wastes of Cocytus.
 79488 | Hell     | Found a gateway to the Iron City of Dis.
 79716 | Hell     | Found a gateway to the ashen valley of Gehenna.
 79832 | Hell     | Found a gateway to the decaying netherworld of Tartarus.
 79960 | Zig:1    | Entered Level 1 of a ziggurat
 80023 | Zig:2    | Entered Level 2 of a ziggurat
 80104 | Zig:2    | Identified the +1 ring mail "Pimy" {Rampage +Inv rC-
                  | Slay+2}
 80107 | Zig:3    | Entered Level 3 of a ziggurat
 80107 | Zig:3    | Noticed an ancient lich
 80112 | Zig:3    | Killed an ancient lich
 80246 | Zig:4    | Entered Level 4 of a ziggurat
 80266 | Zig:4    | Identified the +1 ring mail "Ymym" {rPois Int+2 Dex-3}
 80384 | Zig:5    | Entered Level 5 of a ziggurat
 80534 | Zig:6    | Entered Level 6 of a ziggurat
 80600 | Zig:7    | Entered Level 7 of a ziggurat
 80711 | Zig:7    | Noticed an ancient lich
 80716 | Zig:7    | Killed an ancient lich
 80814 | Zig:8    | Entered Level 8 of a ziggurat
 80819 | Zig:8    | Noticed a juggernaut
 80826 | Zig:8    | Killed a juggernaut
 80964 | Zig:8    | Identified the staff of Ceidd {rElec rF+ rN+ Int+3 Air}
 80993 | Zig:9    | Entered Level 9 of a ziggurat
 81168 | Zig:9    | Identified the amulet of Yesterday {Acrobat rPois rN+ MP-9
                  | Int+2}
 81172 | Zig:9    | Identified the ring of Xixaacam {Fly Str+4 Dex+6}
 81191 | Zig:9    | Identified the +4 crystal plate armour of the Spider Nest
                  | {Int+8 Dex+2}
 81215 | Zig:10   | Entered Level 10 of a ziggurat
 81367 | Zig:10   | Got the Spellbook of the Fjord
 81373 | Zig:10   | Identified the +5 glaive of Freehold {venom, rElec rN+++
                  | Int-5 Dex+3}
 81377 | Zig:10   | Identified the staff "Tormentor" {Str+3 Earth}
 81395 | Zig:11   | Entered Level 11 of a ziggurat
 81402 | Zig:11   | Found the +7 hand cannon "Mule" {flame, backblast, rF+}
 81457 | Zig:12   | Entered Level 12 of a ziggurat
 81478 | Zig:12   | Identified the ring of Xiufoxta {rC- rN+ Will+ rCorr}
 81503 | Zig:12   | Identified the staff of Ilyc Cix {rF+ Str-4 Int+3 Dex+3
                  | Fire}
 81546 | Zig:13   | Entered Level 13 of a ziggurat
 81680 | Zig:13   | Identified the +8 orcbow of Demonkind {speed, rC+ Int+3}
 81729 | Zig:14   | Entered Level 14 of a ziggurat
 81882 | Zig:15   | Entered Level 15 of a ziggurat
 81890 | Zig:15   | Noticed a royal mummy
 81891 | Zig:15   | Noticed a royal mummy
 81892 | Zig:15   | Noticed a royal mummy
 81893 | Zig:15   | Noticed a royal mummy
 81897 | Zig:15   | Killed a royal mummy
 81897 | Zig:15   | Killed a royal mummy
 81898 | Zig:15   | Killed a royal mummy
 81899 | Zig:15   | Killed a royal mummy
 81911 | Zig:15   | Identified the +1 battleaxe "Zafify" {elec, rPois rF- Will+
                  | Dex+5}
 81977 | Zig:16   | Entered Level 16 of a ziggurat
 82015 | Zig:16   | Noticed Bogeulug the pandemonium lord
 82016 | Zig:16   | Noticed Yruggintayt the pandemonium lord
 82023 | Zig:16   | Killed Yruggintayt the pandemonium lord
 82029 | Zig:16   | Killed Bogeulug the pandemonium lord
 82032 | Zig:16   | Noticed Oczuig the pandemonium lord
 82032 | Zig:16   | Noticed Azid the pandemonium lord
 82042 | Zig:16   | Killed Oczuig the pandemonium lord
 82044 | Zig:16   | Killed Azid the pandemonium lord
 82324 | Zig:16   | Identified the +0 pair of gloves "Cixorchaw" {*Slow Fly
                  | rElec}
 82329 | Zig:16   | Identified the staff of Vysung {Will+ rCorr Conj Necro}
 82343 | Zig:16   | Identified the +4 great sword "Xeomezeo" {pain, Str+4
                  | Int+3}
 82348 | Zig:16   | Identified the staff "Woshicry" {rElec rN++ Air}
 82351 | Zig:16   | Identified the +10 shortbow of the Peculiar Wars {heavy,
                  | rN+ Int+5}
 82491 | Zig:17   | Entered Level 17 of a ziggurat
 82502 | Zig:17   | Noticed a dread lich
 82503 | Zig:17   | Noticed an ancient lich
 82512 | Zig:17   | Killed a dread lich
 82516 | Zig:17   | Killed an ancient lich
 82535 | Zig:17   | Identified the staff of the Coward {Fly rC+ Stlth+ Ice}
 82536 | Zig:17   | Identified the ring "Kockomor" {*Corrode Fly rElec Str+6
                  | Stlth+}
 82542 | Zig:17   | Identified the +6 broad axe "Lill" {flame, Will+ Int+2
                  | Dex+4}
 82546 | Zig:17   | Identified the +9 dagger of Mutilation {venom, rC+}
 82558 | Zig:17   | Identified the ring of Gutodwy {Str+6 Int+3 Dex+5}
 82651 | Zig:18   | Entered Level 18 of a ziggurat
 82665 | Zig:18   | Found the +12 glaive of Prune {freeze, Prune}
 82810 | Zig:18   | Found the Charlatan's Orb {orb Evoboost}
 82820 | Zig:18   | Identified the +1 war axe "Inneaj" {drain, *Noise rElec rN+
                  | Str+2}
 82830 | Zig:18   | Identified the +4 war axe of Evolution {protect, rF+ Int+3
                  | SInv}
 82876 | Zig:19   | Entered Level 19 of a ziggurat
 83061 | Zig:19   | Identified the +5 halberd of Jempamp {freeze, rPois rC++
                  | Int-2 SInv}
 83062 | Zig:19   | Identified the +7 mace "Meumpaeto" {speed, rPois rC+ Will++
                  | Int-5}
 83066 | Zig:19   | Identified the +7 trident of the Loving Saviour {flame,
                  | Int+3}
 83076 | Zig:19   | Identified the +5 shortbow of Linearity {drain, ^Contam
                  | rElec rPois Str+4}
 83152 | Zig:19   | Identified the +6 plate armour of Riqivawe {rElec rPois
                  | Will-}
 83155 | Zig:20   | Entered Level 20 of a ziggurat
 83155 | Zig:20   | Noticed a dread lich
 83161 | Zig:20   | Killed a dread lich
 83452 | Zig:20   | Found the +5 Lochaber axe {reach-cleave, Poleaxe ^Drain}
 83453 | Zig:20   | Found the +8 lance "Wyrmbane" {slay drac, rPois rF+ rC+
                  | AC+3}
 83473 | Zig:20   | Identified the staff "Qigamege" {Fly rPois rF+ rN+ Int-2
                  | Fire}
 83485 | Zig:20   | Identified the ring "Tumnee" {^Contam rPois rCorr Str-4
                  | SInv}
 83488 | Zig:20   | Identified the ring of Tessicie {rC++ Will+ MP+9 Str+2}
 83623 | Zig:21   | Entered Level 21 of a ziggurat
 83687 | Zig:21   | Identified the +5 hand axe of Olem {heavy, rN++ Str+5}
 83714 | Zig:21   | Got Etyunimm's Beginning Course on Hermetics
 83799 | Zig:21   | Acquired the ring of Ycleprai {rF++ rC+ Slay+4}
 83812 | Zig:21   | Acquired 894 gold pieces
 83818 | Zig:21   | Acquired 632 gold pieces
 83822 | Zig:21   | Acquired a manual of Invocations
 83829 | Zig:22   | Entered Level 22 of a ziggurat
 83906 | Zig:22   | Found the +0 pair of gloves of the gadgeteer {Gadgeteer
                  | Wandboost ^Fragile}
 83934 | Zig:22   | Identified the staff of Regicide {rElec rPois rC+ Ice}
 83958 | Zig:22   | Identified the staff of Ofinug {rElec Int+3 Tloc Air}
 84093 | Zig:23   | Entered Level 23 of a ziggurat
 84106 | Zig:23   | Noticed an ancient lich
 84108 | Zig:23   | Noticed a dread lich
 84109 | Zig:23   | Noticed a dread lich
 84110 | Zig:23   | Noticed an ancient lich
 84111 | Zig:23   | Noticed a dread lich
 84111 | Zig:23   | Noticed a dread lich
 84111 | Zig:23   | Noticed an ancient lich
 84111 | Zig:23   | Noticed a dread lich
 84113 | Zig:23   | Noticed an ancient lich
 84113 | Zig:23   | Killed a dread lich
 84114 | Zig:23   | Killed an ancient lich
 84114 | Zig:23   | Noticed an ancient lich
 84116 | Zig:23   | Killed a dread lich
 84116 | Zig:23   | Killed a dread lich
 84117 | Zig:23   | Killed an ancient lich
 84120 | Zig:23   | Killed an ancient lich
 84121 | Zig:23   | Killed a dread lich
 84122 | Zig:23   | Killed a dread lich
 84122 | Zig:23   | Killed an ancient lich
 84123 | Zig:23   | Killed an ancient lich
 84150 | Zig:23   | Identified the +5 halberd of Crystal {venom, Will+ Dex+3}
 84155 | Zig:23   | Identified the staff of Honour {rF+ Str+3 Fire}
 84162 | Zig:23   | Identified the staff "Foulitwa" {Int+5 Earth}
 84290 | Zig:24   | Entered Level 24 of a ziggurat
 84308 | Zig:24   | Noticed a dread lich
 84309 | Zig:24   | Noticed a dread lich
 84309 | Zig:24   | Noticed a dread lich
 84311 | Zig:24   | Noticed a dread lich
 84311 | Zig:24   | Noticed an ancient lich
 84311 | Zig:24   | Noticed a dread lich
 84311 | Zig:24   | Noticed an ancient lich
 84315 | Zig:24   | Killed a dread lich
 84315 | Zig:24   | Killed a dread lich
 84319 | Zig:24   | Killed a dread lich
 84319 | Zig:24   | Killed a dread lich
 84319 | Zig:24   | Noticed a dread lich
 84320 | Zig:24   | Killed an ancient lich
 84321 | Zig:24   | Killed an ancient lich
 84322 | Zig:24   | Killed a dread lich
 84324 | Zig:24   | Killed a dread lich
 84388 | Zig:24   | Got Tuiff's Book of Snowy Minerals
 84392 | Zig:24   | Identified the +1 rapier of Veato {speed, rF+ MP+9 Int+4
                  | Dex+2}
 84519 | Zig:25   | Entered Level 25 of a ziggurat
 84539 | Zig:25   | Lost mutation: You are agile. (Dex +4, Str/Int -1) [a
                  | shining eye]
 84544 | Zig:25   | Gained mutation: You are occasionally teleported next to
                  | monsters. [a shining eye]
 84552 | Zig:25   | Gained mutation: You are dopey. (Int -2) [a shining eye]
 84728 | Zig:25   | Found the +8 whip "Snakebite" {venom, curare, rPois}
 84736 | Zig:25   | Identified the amulet of Wooxkousink {rC+ Regen+ Str+2}
 84752 | Zig:25   | Identified the amulet of Omaican {Faith +Blink rCorr Str-4
                  | Stlth+}
 84756 | Zig:25   | Identified the +5 steam dragon scales "Xokedghesed" {Dex+4}
 84762 | Zig:25   | Identified the +0 robe of Lachrymose Freedom {rPois Int+6}
 84764 | Zig:25   | Identified the staff "Undertaker" {rN+ MP+9 Dex+4 Necro}
 84866 | Zig:26   | Entered Level 26 of a ziggurat
 84893 | Zig:26   | Was placed under penance by the Shining One
 84898 | Zig:26   | Noticed Qohaujir the pandemonium lord
 85093 | Pan      | Entered Pandemonium
 85093 | Pan      | Noticed Baribozo the pandemonium lord
 85096 | Pan      | Killed Baribozo the pandemonium lord
 85106 | Pan      | Was forgiven by the Shining One
 85106 | Pan      | Gained mutation: You are clumsy. (Dex -2) [a cacodemon]
 85282 | Pan      | Found an exit through the horrors of the Abyss.
 86299 | Pan      | Took an exit into the Abyss.
 86299 | Abyss:2  | Escaped into the Abyss
 86544 | Abyss:3  | Found a bloodstained altar of Trog.
 86612 | Abyss:3  | Found a bloodstained altar of Trog.
 86612 | Abyss:3  | Found a bloodstained altar of Trog.
 86712 | Abyss:3  | Found a corrupted altar of Lugonu.
 86872 | Abyss:3  | Gained mutation: You are somewhat resistant to further
                  | mutation. [a neqoxec]
 87082 | Abyss:3  | Found a corrupted altar of Lugonu.
 87206 | Abyss:3  | Found a corrupted altar of Lugonu.
 87295 | Abyss:4  | Reached skill level 27 in Fighting
 87485 | Abyss:4  | Got an abyssal rune of Zot
 87492 | Depths:2 | Escaped the Abyss
 87572 | Pan      | Entered Pandemonium
 87732 | Pan      | Noticed Rowkom the pandemonium lord
 87743 | Pan      | Killed Rowkom the pandemonium lord
 88218 | Pan      | Noticed Qaobodev the pandemonium lord
 88230 | Pan      | Killed Qaobodev the pandemonium lord
 88909 | Pan      | Found an exit through the horrors of the Abyss.
 89344 | Pan      | Gained mutation: You occasionally lose the ability to read
                  | scrolls when taking damage. [a neqoxec]
 89502 | Pan      | Found a transporter.
 89701 | Pan      | Found a transporter.
 89769 | Pan      | Identified the +7 sling "Zeleuris" {heavy, rPois Int+6
                  | Stlth+}
 89772 | Pan      | Identified the amulet "Xuiziog" {rN+ RegenMP+ Stlth+}
 89789 | Pan      | Identified the amulet of the Akabeko {Acrobat rF+ rC+ SInv}
 89863 | Pan      | Entered the realm of Gloorx Vloq.
 89999 | Pan      | Noticed Gloorx Vloq
 90006 | Pan      | Killed Gloorx Vloq
 90019 | Pan      | Reached skill level 27 in Dodging
 90019 | Pan      | Reached skill level 27 in Unarmed Combat
 90098 | Pan      | Got a dark rune of Zot
 91245 | Pan      | Noticed Lutraa the pandemonium lord
 91254 | Pan      | Killed Lutraa the pandemonium lord
 91271 | Pan      | Got a demonic rune of Zot
 91275 | Pan      | Identified the +3 rapier of the Oracle {antimagic, rPois
                  | Dex+4}
 91379 | Pan      | Found an exit through the horrors of the Abyss.
 92010 | Pan      | Noticed Bucei the pandemonium lord
 92018 | Pan      | Killed Bucei the pandemonium lord
 92610 | Pan      | Found a burning altar of Makhleb.
 92762 | Pan      | Found an exit through the horrors of the Abyss.
 92887 | Pan      | Noticed Rase the pandemonium lord
 92892 | Pan      | Killed Rase the pandemonium lord
 94306 | Pan      | Noticed Binoparph the pandemonium lord
 94310 | Pan      | Killed Binoparph the pandemonium lord
 95401 | Pan      | Found a runed translucent door.
 95475 | Pan      | Found an exit through the horrors of the Abyss.
 95921 | Pan      | Noticed Lour the pandemonium lord
 95933 | Pan      | Killed Lour the pandemonium lord
 95977 | Pan      | Gained mutation: Potions are less effective at restoring
                  | your health. [a cacodemon]
 95986 | Pan      | Lost mutation: You are somewhat resistant to further
                  | mutation. [potion of mutation]
 95986 | Pan      | Lost mutation: You are clumsy. (Dex -2) [potion of
                  | mutation]
 95986 | Pan      | Gained mutation: You are partially covered in iridescent
                  | scales. (AC +2) [potion of mutation]
 95986 | Pan      | Gained mutation: One of your tentacles bears a spike.
                  | [potion of mutation]
 95987 | Pan      | Lost mutation: You occasionally lose the ability to read
                  | scrolls when taking damage. [potion of mutation]
 95987 | Pan      | Lost mutation: One of your tentacles bears a spike. [potion
                  | of mutation]
 95987 | Pan      | Lost mutation: You are partially covered in iridescent
                  | scales. (AC +2) [potion of mutation]
 95987 | Pan      | Gained mutation: You have a pair of small antennae on your
                  | head. [potion of mutation]
 95987 | Pan      | Gained mutation: You are agile. (Dex +4, Str/Int -1)
                  | [potion of mutation]
 95988 | Pan      | Lost mutation: Potions are less effective at restoring your
                  | health. [potion of mutation]
 95988 | Pan      | Lost mutation: You are occasionally teleported next to
                  | monsters. [potion of mutation]
 95988 | Pan      | Lost mutation: You expend magic power (3 MP) to strengthen
                  | your wands. [potion of mutation]
 95988 | Pan      | Gained mutation: Your spells are a little easier to cast,
                  | but a little less powerful. [potion of mutation]
 95989 | Pan      | Lost mutation: You have a pair of small antennae on your
                  | head. [potion of mutation]
 95989 | Pan      | Lost mutation: You are agile. (Dex +4, Str/Int -1) [potion
                  | of mutation]
 95989 | Pan      | Lost mutation: Your spells are a little easier to cast, but
                  | a little less powerful. [potion of mutation]
 95989 | Pan      | Gained mutation: You have hidden genetic potential. [potion
                  | of mutation]
 95989 | Pan      | Gained mutation: You have a pair of small antennae on your
                  | head. [potion of mutation]
 96227 | Pan      | Entered the realm of Lom Lobon.
 96712 | Pan      | Noticed Lom Lobon
 96729 | Pan      | Killed Lom Lobon
 96739 | Pan      | Got a magical rune of Zot
 97111 | Pan      | Noticed Bikh the pandemonium lord
 97121 | Pan      | Killed Bikh the pandemonium lord
 98003 | Pan      | Entered the realm of Cerebov.
 98067 | Pan      | Found an exit through the horrors of the Abyss.
 98441 | Pan      | Identified the +2 robe of Zeodut {Harm rPois rF- Int-5}
 98579 | Pan      | Found the +6 sword of Cerebov {flame}
 98579 | Pan      | Noticed Cerebov
 98596 | Pan      | Killed Cerebov
 98651 | Pan      | Identified the +1 ring mail "Utty" {+Inv rC+ Dex-5}
 98652 | Pan      | Identified the +5 orcbow "Ypaina" {heavy, rPois Dex+4}
 98655 | Pan      | Identified the +9 rapier of Genoxt {elec, rC++ Str+2}
 98686 | Pan      | Got a fiery rune of Zot
 99531 | Pan      | Noticed Wymownoda the pandemonium lord
 99536 | Pan      | Killed Wymownoda the pandemonium lord
 99537 | Pan      | Reached skill level 27 in Ice Magic
 99564 | Pan      | Gained mutation: A frigid envelope surrounds you and
                  | freezes all who hurt you. [hidden potential]
 99605 | Pan      | Found an exit through the horrors of the Abyss.
100283 | Pan      | Entered the realm of Mnoleg.
100554 | Pan      | Noticed Mnoleg
100566 | Pan      | Killed Mnoleg
100578 | Pan      | Gained mutation: You are occasionally teleported next to
                  | monsters. [a cacodemon]
100931 | Pan      | Got a glowing rune of Zot
101237 | Pan      | Found an exit through the horrors of the Abyss.
101446 | Pan      | Noticed Jojuex the pandemonium lord
101470 | Pan      | Killed Jojuex the pandemonium lord
101635 | Pan      | Found an exit through the horrors of the Abyss.
102617 | Depths:2 | Escaped Pandemonium
102738 | Geh:1    | Entered Level 1 of Gehenna
103274 | Geh:3    | Gained mutation: You have great hidden genetic potential.
                  | [hidden potential]
103274 | Geh:3    | Lost mutation: You have great hidden genetic potential.
                  | [hidden potential expressed]
104401 | Geh:7    | Entered Level 7 of Gehenna
105129 | Geh:7    | Reached skill level 27 in Translocations
105148 | Geh:7    | Found the +13 sceptre of Asmodeus
105148 | Geh:7    | Noticed Asmodeus
105161 | Geh:7    | Killed Asmodeus
105235 | Geh:7    | Got an obsidian rune of Zot
105485 | Geh:7    | Identified the staff "Hobup Du Vua" {rElec Conj Hexes Air}
105487 | Geh:7    | Identified the ring of Dappoego {rC- Will+ EV+5 Str+4}
105498 | Geh:7    | Identified the +1 buckler of Amelioration {rPois rC++}
105969 | Tar:1    | Entered Level 1 of Tartarus
106023 | Tar:1    | You are sucked into a shaft and drop 1 floor!
106243 | Tar:2    | Gained mutation: You passively dampen the noise of your
                  | surroundings. [hidden potential]
106840 | Tar:4    | Found a runed translucent door.
107596 | Tar:7    | Entered Level 7 of Tartarus
107724 | Tar:7    | Noticed the Serpent of Hell
107735 | Tar:7    | Killed the Serpent of Hell
107909 | Tar:7    | Noticed a dread lich
107909 | Tar:7    | Noticed an ancient lich
107914 | Tar:7    | Killed a dread lich
107918 | Tar:7    | Killed an ancient lich
107925 | Tar:7    | Noticed an ancient lich
107930 | Tar:7    | Killed an ancient lich
107956 | Tar:7    | Identified the staff "Bougenuj" {rC+ rN+ Necro}
107995 | Tar:7    | Identified the ring of Mezy {EV+5 Dex+3}
108147 | Tar:7    | Noticed Ereshkigal
108151 | Tar:7    | Paralysed by Ereshkigal for 2 turns
108156 | Tar:7    | Killed Ereshkigal
108165 | Tar:7    | Gained mutation: You have supernaturally acute eyesight.
                  | (SInv) [hidden potential]
108165 | Tar:7    | Lost mutation: You have hidden genetic potential. [hidden
                  | potential expressed]
108285 | Tar:7    | Got a bone rune of Zot
108583 | Coc:1    | Entered Level 1 of Cocytus
109601 | Coc:3    | Reached skill level 27 in Spellcasting
110715 | Coc:7    | Entered Level 7 of Cocytus
111313 | Coc:7    | Reached skill level 27 in Shapeshifting
111619 | Coc:7    | Reached skill level 15 in Invocations
111997 | Coc:7    | Noticed Antaeus
112000 | Coc:7    | Was placed under penance by the Shining One
112018 | Coc:7    | Killed Antaeus
112021 | Coc:7    | Got an icy rune of Zot
112139 | Coc:7    | Identified the staff of the Enfolding Scorpion {rF- rC+
                  | Will+++ SInv Ice}
112290 | Coc:7    | Identified the +3 shortbow of Pandemonium {elec, Str+3
                  | Dex+2}
112380 | Dis:1    | Entered Level 1 of the Iron City of Dis
112614 | Dis:1    | Was forgiven by the Shining One
114395 | Dis:7    | Entered Level 7 of the Iron City of Dis
114587 | Dis:7    | Noticed a juggernaut
114596 | Dis:7    | Killed a juggernaut
114692 | Dis:7    | Noticed a juggernaut
114699 | Dis:7    | Killed a juggernaut
114788 | Dis:7    | Identified the +6 broad axe "Hiomiett" {pain, Fly}
115097 | Dis:7    | Noticed a juggernaut
115101 | Dis:7    | Killed a juggernaut
115421 | Dis:7    | Noticed Dispater
115437 | Dis:7    | Killed Dispater
115591 | Dis:7    | Identified the +0 robe of Erotoetrot {Regen+ Slay-5 Stlth+}
115594 | Dis:7    | Got an iron rune of Zot
115598 | Dis:7    | Identified the +7 broad axe "Ivvejeg" {freeze, Int+3 Dex+6}
115831 | Dis:7    | Identified the ring "Cienot" {*Corrode EV+5 Int+6 Stlth+}
116184 | Dis:7    | Found the +8 storm bow {elec, penet}
116197 | Dis:7    | Identified the +6 quarterstaff of Geummuw {speed, Dex+4}
116660 | D:1      | Lost mutation: You are dopey. (Int -2) [potion of mutation]
116660 | D:1      | Lost mutation: You have a pair of small antennae on your
                  | head. [potion of mutation]
116660 | D:1      | Gained mutation: Your body sometimes deteriorates upon
                  | taking damage. [potion of mutation]
116661 | D:1      | Lost mutation: You possess an exceptional clarity of mind.
                  | [potion of mutation]
116661 | D:1      | Lost mutation: You passively dampen the noise of your
                  | surroundings. [potion of mutation]
116661 | D:1      | Lost mutation: A frigid envelope surrounds you and freezes
                  | all who hurt you. [potion of mutation]
116661 | D:1      | Gained mutation: You are covered in fur. (AC +1) [potion of
                  | mutation]
116661 | D:1      | Gained mutation: You expend magic power (3 MP) to
                  | strengthen your wands. [potion of mutation]
116662 | D:1      | Lost mutation: Your body sometimes deteriorates upon taking
                  | damage. [potion of mutation]
116662 | D:1      | Lost mutation: You are occasionally teleported next to
                  | monsters. [potion of mutation]
116662 | D:1      | Gained mutation: You are robust. (+10% HP) [potion of
                  | mutation]
116662 | D:1      | Gained mutation: You are strong-willed. (Will+) [potion of
                  | mutation]
116662 | D:1      | Gained mutation: You have a beak for a mouth. [potion of
                  | mutation]
117118 | Tomb:1   | Entered Level 1 of the Tomb of the Ancients
117314 | Tomb:1   | Noticed a royal mummy
117322 | Tomb:1   | Noticed a royal mummy
117324 | Tomb:1   | Killed a royal mummy
117332 | Tomb:1   | Killed a royal mummy
117393 | Tomb:1   | Reached skill level 27 in Invocations
117515 | Tomb:1   | Reached skill level 1 in Evocations
117918 | Tomb:2   | Noticed a royal mummy
117918 | Tomb:2   | Noticed a royal mummy
117919 | Tomb:2   | Noticed a royal mummy
117921 | Tomb:2   | Noticed a royal mummy
117921 | Tomb:2   | Noticed a royal mummy
117922 | Tomb:2   | Killed a royal mummy
117924 | Tomb:2   | Killed a royal mummy
117925 | Tomb:2   | Reached skill level 5 in Evocations
117925 | Tomb:2   | Killed a royal mummy
117927 | Tomb:2   | Killed a royal mummy
117929 | Tomb:2   | Killed a royal mummy
118646 | Tomb:1   | Noticed a royal mummy
118647 | Tomb:1   | Noticed a royal mummy
118654 | Tomb:1   | Killed a royal mummy
118656 | Tomb:1   | Killed a royal mummy
118663 | Tomb:1   | Noticed a royal mummy
118669 | Tomb:1   | Killed a royal mummy
118676 | Tomb:1   | Noticed a royal mummy
118680 | Tomb:1   | Noticed a royal mummy
118682 | Tomb:1   | Killed a royal mummy
118687 | Tomb:1   | Killed a royal mummy
118688 | Tomb:1   | Noticed a royal mummy
118693 | Tomb:1   | Killed a royal mummy
118694 | Tomb:1   | Reached skill level 10 in Evocations
118712 | Tomb:1   | Noticed a royal mummy
118720 | Tomb:1   | Killed a royal mummy
118873 | Tomb:1   | Noticed a royal mummy
118880 | Tomb:1   | Killed a royal mummy
118891 | Tomb:1   | Noticed a royal mummy
118895 | Tomb:1   | Killed a royal mummy
118905 | Tomb:1   | Noticed a royal mummy
118908 | Tomb:1   | Killed a royal mummy
118947 | Tomb:1   | Noticed a royal mummy
118949 | Tomb:1   | Noticed a royal mummy
118949 | Tomb:1   | Noticed a royal mummy
118950 | Tomb:1   | Noticed a royal mummy
118960 | Tomb:1   | Killed a royal mummy
118960 | Tomb:1   | Killed a royal mummy
118963 | Tomb:1   | Killed a royal mummy
118964 | Tomb:1   | Killed a royal mummy
119107 | Tomb:1   | Noticed a royal mummy
119114 | Tomb:1   | Killed a royal mummy
119116 | Tomb:1   | Noticed a royal mummy
119120 | Tomb:1   | Killed a royal mummy
119126 | Tomb:1   | Noticed a royal mummy
119131 | Tomb:1   | Killed a royal mummy
119139 | Tomb:1   | Noticed a royal mummy
119146 | Tomb:1   | Killed a royal mummy
119585 | Tomb:3   | Entered Level 3 of the Tomb of the Ancients
119596 | Tomb:3   | Noticed a royal mummy
119596 | Tomb:3   | Noticed a royal mummy
119598 | Tomb:3   | Noticed a royal mummy
119605 | Tomb:3   | Killed a royal mummy
119606 | Tomb:3   | Killed a royal mummy
119607 | Tomb:3   | Reached skill level 15 in Evocations
119607 | Tomb:3   | Killed a royal mummy
119609 | Tomb:3   | Noticed a royal mummy
119614 | Tomb:3   | Killed a royal mummy
119620 | Tomb:3   | Noticed a royal mummy
119626 | Tomb:3   | Killed a royal mummy
119639 | Tomb:3   | Noticed a royal mummy
119644 | Tomb:3   | Killed a royal mummy
119644 | Tomb:3   | Noticed a royal mummy
119648 | Tomb:3   | Noticed a royal mummy
119653 | Tomb:3   | Killed a royal mummy
119653 | Tomb:3   | Killed a royal mummy
119653 | Tomb:3   | Noticed a royal mummy
119659 | Tomb:3   | Killed a royal mummy
120041 | Tomb:3   | Identified the +9 falchion of the Maze {flame, Will+ Str+2
                  | Int+3}
120066 | Tomb:3   | Identified the +6 morningstar of Defiance {freeze, Will-
                  | rCorr MP+9 SInv}
120070 | Tomb:3   | Identified the +0 sling of Cruel Justice {drain, rPois rC+
                  | rN+ Dex-4}
120078 | Tomb:3   | Identified the ring "Coehuv" {rF- Will++ rCorr MP+9 Stlth+}
120085 | Tomb:3   | Identified the ring of Dapnab {Wiz MP+9 Str+3}
120093 | Tomb:3   | Identified the +7 spear of Defiance {drain, rC- Will+++
                  | Str-5 SInv}
120104 | Tomb:3   | Identified the +0 ring mail of Heog {Rampage SInv}
120105 | Tomb:3   | Identified the +0 plate armour "Deipry" {^Contam rPois rC+
                  | rN+}
120189 | Tomb:3   | Got a golden rune of Zot
122779 | Zot:5    | Entered Level 5 of the Realm of Zot
123031 | Zot:5    | Found a transporter.
123035 | Zot:5    | Found a transporter.
123054 | Zot:5    | Found a transporter.
123100 | Zot:5    | Found a transporter.
123197 | Zot:5    | Noticed a dread lich
123205 | Zot:5    | Killed a dread lich
123218 | Zot:5    | Noticed an orb of fire
123223 | Zot:5    | Noticed a dread lich
123226 | Zot:5    | Noticed an orb of fire
123227 | Zot:5    | Killed a dread lich
123227 | Zot:5    | Killed an orb of fire
123228 | Zot:5    | Killed an orb of fire
123244 | Zot:5    | Paralysed by a Zot trap for 3 turns
123246 | Zot:5    | Noticed an orb of fire
123253 | Zot:5    | Killed an orb of fire
123907 | Zot:5    | Got the Orb of Zot
124147 | Depths:4 | Noticed Bylozasi the pandemonium lord
124147 | Depths:4 | Noticed an ancient lich
124149 | Depths:4 | Killed an ancient lich
124150 | Depths:4 | Killed Bylozasi the pandemonium lord
124311 | D:14     | Noticed Wuegonna the pandemonium lord
124318 | D:14     | Killed Wuegonna the pandemonium lord
124350 | D:13     | Noticed Nyzabror the pandemonium lord
124356 | D:13     | Killed Nyzabror the pandemonium lord
124652 | D:1      | Noticed Makh the pandemonium lord
124657 | D:1      | Killed Makh the pandemonium lord
124669 | D:1      | Noticed Logihic the pandemonium lord
124673 | D:1      | Killed Logihic the pandemonium lord
124831 | D:$      | Escaped with the Orb!

Illustrated notes

Levels and vault maps discovered:
D:1:      roadster_arrival_rocket_large, layout_rooms, st_stairs_7,
          minmay_misc_feat_enclosed, minivault_19, lemuel_flame_loot_1
D:2:      layout_loops_ring, uniq_robin
D:3:      layout_basic, cheibrodos_sewer_entry_drain,
          shapermc_ecumenical_altar_mp_vishouse, minmay_misc_feat_plants,
          reono_crystal_passage, uniq_sigmund
D:4:      layout_basic, amethyst_overflow_temple_binary, nicolae_eternal_life
D:5:      layout_rooms, minmay_temple_entry_waves, ebering_ghost_disaster_area
D:6:      layout_loops_ring, grunt_qazlal_clouds, minmay_fractal_squares_5
D:7:      layout_loops_cross, nicolae_uskayaw_dance_hall, uniq_prince_ribbit1,
          uniq_menkaure
D:8:      hellmonk_crumbling_castle, layout_cave_pools, kennysheep_potato,
          uniq_joseph, uniq_maggie
D:9:      due_chaos_kobolds, layout_basic, enter_bailey_5
D:10:     layout_roguey, marbit_many_paths, nicolae_shop_fire_sale
          [nicolae_sub_dead_trees], uniq_josephine
D:11:     layout_gridville, david_orc_2
D:12:     mludivico_vault, layout_rooms, nicolae_shop_clearance, uniq_snorg
D:13:     layout_rooms, hellmonk_vaults_attempted_burglary
D:14:     layout_cave_pods, hangedman_decor_growths, serial_shops,
          nicolae_shop_rolling_square
D:15:     hangedman_depths_entry_civil_slaughter, layout_loops_ring,
          nicolae_concentric_dashed_squares_wild,
          nicolae_trove_entry_free_sample, yredelemnul_forgotten_temple_becter
Temple:   bh_familiar_temple
Lair:1:   cheibrodos_lair_river_kwai, layout_gridlike,
          chequers_serial_rivers_room_a
Lair:2:   layout_regular_city
Lair:3:   layout_chaotic_city, swamp_mist, guppyfry_snake_entry_garden
Lair:4:   layout_regular_city, slime_entry_2, minmay_shattered_shrine,
          lemuel_fruit_tree
Lair:5:   hangedman_lair_tendril_chambers, layout_cave_shapes, wormcave,
          portal_ice_cave_entry_imps, grunt_forest_stairs_basic,
          serial_bayou_lagoon_a, nicolae_quartered_pool_impasse,
          minmay_stone_trees_small
Swamp:1:  layout_falls_marsh, serial_swamp_ruin, evilmike_swamp_ruin_house_2,
          evilmike_swamp_ruin_house_3, swamp_pool_1_2
Swamp:2:  layout_basic_swamp, hangedman_swamp_lotus
Swamp:3:  nzn_winding_woodlands_small [nzn_winding_woodlands_5x15_pool,
          nzn_winding_woodlands_center_lodge, nzn_winding_woodlands_5x15_twine],
          layout_falls_marsh, evilmike_swamp_ruin_house_5, uniq_aizul,
          uniq_mlioglotl
Swamp:4:  swamp_old_school, layout_basic_swamp
Snake:1:  gammafunk_sealed_library, layout_grid_shapes,
          nicolae_snake_gridmaze_swirls, hangedman_corner_corridor, uniq_donald,
          uniq_rupert, uniq_jorgrun
Snake:2:  layout_cave_shapes, serial_shops, shop
Snake:3:  layout_cave_shapes, serial_shops, nicolae_shop_trees
Snake:4:  johnstein_snake_rune_scales, layout_layer_cave, serial_shops, shop,
          ebering_ghost_disaster_area, basic_altar, serial_bayou_crossing
Slime:1:  layout_caves
Slime:2:  layout_caves
Slime:3:  layout_caves, cheibrodos_slime_lost_civilization_5
Slime:4:  layout_caves
Slime:5:  slime_pit, uniq_dissolution
Orc:1:    layout_diamond_mine, mines1_david
Orc:2:    st_orc_rangers, layout_caves, nicolae_volcano_entry_vermiform,
          serial_shops, shop, uniq_erolcha
Elf:1:    kennysheep_six_static_rooms, layout_rooms,
          nicolae_elf_blasts_and_bolts
Elf:2:    nicolae_elf_blades_crystal_corner, layout_geoelf_grid, serial_shops,
          shop
Elf:3:    minmay_elf_hall_four_x, layout_onion_city, serial_shops, shop,
          uniq_bai_suzhen
Vaults:1: vaults_room_hallway, nicolae_vaults_steering_wheel,
          vaults_room_corners, nicolae_vaults_spaceships,
          nicolae_vaults_branching_niches, vaults_dpeg_emergency_exit,
          nicolae_vaults_tetromino_T_1, nicolae_vaults_trapezoid_1,
          nicolae_vaults_little_squares_1, nicolae_vaults_six-pack,
          layout_vaults_omnigrid, serial_shops, nicolae_shop_gaudy_bauble
Vaults:2: ebering_ghost_disaster_area, nicolae_vaults_oval_intersection,
          nicolae_vaults_house_1, minmay_crypt_entry_skeletal_spiral,
          nicolae_vaults_oval_intersection, hangedman_vaults_unwind,
          grunt_vaults_bifocal, nicolae_vaults_mini_display_case,
          vaults_room_hangedman_quadrants, vaults_dpeg_ring,
          nicolae_vaults_surprise_closet, vaults_room_fancy_cross,
          dpeg_vaults_monster_box, grunt_vaults_twisty,
          layout_vaults_maze_bifur, serial_shops, nicolae_shop_stone,
          uniq_sojobo
Vaults:3: nicolae_vaults_two_Ls, vaults_room_grunt_arrival_checkpoint,
          hangedman_vaults_stagger, hangedman_vaults_trim, v_misc_28,
          nicolae_vaults_network_s, nicolae_vaults_stairing_the_circle,
          nicolae_vaults_angled_halls, nicolae_vaults_little_squares_6,
          nicolae_vaults_cochlea, nicolae_vaults_trapezoid_lopsided_1,
          layout_vaults_omnicross
Vaults:4: vaults_mumra_chevron, serial_ice_h, hangedman_vaults_corner_blocks,
          nicolae_vaults_tangram_2, nicolae_vaults_meiosis,
          vaults_dpeg_diagonal, hangedman_vaults_variations,
          nicolae_vaults_closet_pinwheel_1, nicolae_vaults_tangram_2,
          vaults_room_corners, layout_vaults_ring, serial_shops, shop_fountains,
          nicolae_lakefront_shop, nicolae_shop_behind_doors,
          nicolae_shop_tiny_glass
Vaults:5: uniq_mara
Crypt:1:  layout_chaotic_city, ebering_ghost_inner_flame
Crypt:2:  layout_chaotic_city, uniq_jory, uniq_josephina
Crypt:3:  cryptofortress_bobbens, uniq_margery, uniq_xtahua
Tomb:1
Tomb:2
Tomb:3
Depths:1: layout_roguey, rand_demon_pan_entry_9, lightli_too_deep,
          kennysheep_nub, kiku_gazebo_garden_becter, minmay_shop_grove
Depths:2: gammafunk_dig_for_victory, layout_basic, enter_ziggurat_e,
          pf_hell_entry_tar_river, rand_demon_pan_entry_8
Depths:3: kennysheep_oblong_rooms, layout_cave_pools, abyss_entry_flame_altar,
          hellmouth_1, nicolae_dithmenos_the_darkroom
Depths:4: grunt_zot_entry_hairpin, layout_small_grid, hell_entry,
          fedhas_altar_fruit_tree, grunt_megastairs_5
Hell
Dis:1:    layout_jigsaw
Dis:2:    nicolae_dis_pentagon_1, layout_subdivisions, nicolae_dis_fourth_circle
Dis:3:    layout_subdivisions
Dis:4:    layout_regular_city
Dis:5:    layout_jigsaw, nicolae_dis_strange_trophy_room
Dis:6:    layout_gridville
Dis:7:    dis_grunt_layers
Geh:1:    layout_gehenna_pools_box
Geh:2:    layout_gehenna_pools_basic
Geh:3:    layout_gehenna_pools_basic, nicolae_geh_lava_lounge
Geh:4:    layout_gehenna_lava_caves, nicolae_geh_lavax
Geh:5:    layout_gehenna_lava_caves, lemuel_flamethrower_2
Geh:6:    layout_gehenna_lava_caves
Geh:7:    evilmike_geh
Coc:1:    nicolae_coc_icebeans_plural [nicolae_sub_coc_subbean,
          nicolae_sub_coc_subbean, nicolae_sub_coc_subbean,
          nicolae_sub_coc_subbean], layout_ice_bergs
Coc:2:    nicolae_coc_bergin, layout_cocytus_water_paths
Coc:3:    layout_ice_bergs
Coc:4:    layout_cocytus_delve
Coc:5:    layout_ice_bergs
Coc:6:    layout_cocytus_water_paths
Coc:7:    coc_grunt_cove [coc_grunt_cove_antaeus, coc_grunt_cove_fiend,
          coc_grunt_cove_fiend, coc_grunt_cove_fiend, coc_grunt_cove_fiend]
Tar:1:    layout_honeycomb
Tar:2:    layout_grid_maze, nicolae_tar_just_some_guys
Tar:3:    nicolae_tar_honey_stairs, layout_cathedral_of_symmetry
Tar:4:    nicolae_tar_ssshhh
Tar:5:    layout_catacombs
Tar:6:    layout_grid_maze, nicolae_tar_honey_chapel
Tar:7:    tar_old
Zot:1:    regret_index_all_hallows'_manor, layout_twisted_circle,
          hangedman_zot_wheel_spokes
Zot:2:    layout_gridlike, regret_index_zotdec_slimy_original
Zot:3:    layout_misc_corridors
Zot:4:    layout_cathedral_of_symmetry, regret_index_zotdec_bone_old,
          regret_index_zotdec_ex
Zot:5:    layout_onion, nicolae_transporter_circle

Skill      XL: |  1  2  3  4  5  6  7  8  9 10 11 12 13 14 15 16 17 18 19 20 21 22 23 24 25 26 27 |
---------------+----------------------------------------------------------------------------------+-----
Fighting       | 2 3 5 6 7 8 9 10 11 12 14 15 18 19 27 | 27.0
Shapeshifting  | 4 5 7 8 10 11 12 14 15 16 17 18 21 23 27 | 27.0
Dodging        | 3 4 5 6 7 8 9 11 12 13 14 16 17 18 19 27 | 27.0
Unarmed Combat | 4 5 6 7 9 10 11 12 13 14 16 17 18 19 27 | 27.0
Spellcasting   | 4 8 9 11 13 14 27 | 27.0
Translocations | 12 15 17 20 27 | 27.0
Air Magic      | 5 |  5.0
Invocations    | 9 12 27 | 27.0
Ice Magic      | 8 27 | 27.0
Evocations     | 25 | 25.1

Action                     |  1- 3 |  4- 6 |  7- 9 | 10-12 | 13-15 | 16-18 | 19-21 | 22-24 | 25-27 || total
---------------------------+-------+-------+-------+-------+-------+-------+-------+-------+-------++-------
  Melee: Unarmed           |    63 |    64 |   220 |   508 |  1035 |   880 |  1216 |  1531 |  6368 || 11885
         Constrict         |    20 |    19 |    62 |   125 |   216 |   184 |    54 |       |       ||   680
         Tentacles         |    13 |    14 |    71 |    49 |       |       |       |       |       ||   147
         Punch             |       |     1 |     9 |       |       |       |    54 |   122 |   801 ||   987
         Tailslap          |       |       |       |       |       |       |    87 |    37 |       ||   124
         Bite              |       |       |       |       |       |       |    71 |    28 |       ||    99
  Throw: Dart              |       |     2 |    10 |       |       |       |       |       |       ||    12
   Cast: Manifold Assault  |       |       |       |       |       |     4 |   206 |   268 |  1180 ||  1658
         Vhi's Electric Ch |       |       |       |       |       |       |     4 |     6 |    11 ||    21
         Polar Vortex      |       |       |       |       |       |       |       |       |    80 ||    80
 Invoke: Potion Petition   |       |       |       |       |     1 |       |     1 |       |       ||     2
         Call Merchant     |       |       |       |       |       |     5 |       |     4 |       ||     9
         Cleansing Flame   |       |       |       |       |       |       |       |     2 |     2 ||     4
         Divine Shield     |       |       |       |       |       |       |       |     2 |    30 ||    32
         Summon Divine War |       |       |       |       |       |       |       |       |     3 ||     3
Ability: Blinkbolt         |       |       |       |       |       |       |       |       |    21 ||    21
  Evoke: Wand              |       |       |    10 |     6 |    15 |     4 |       |       |     8 ||    43
         Box of beasts     |       |       |       |       |     1 |     1 |       |       |       ||     2
         Phantom mirror    |       |       |       |       |       |       |       |       |     1 ||     1
         Gell's gravitambo |       |       |       |       |       |       |       |       |     1 ||     1
    Use: Potion            |       |     4 |     3 |     5 |     6 |     9 |     4 |     8 |    42 ||    81
         Scroll            |       |       |     7 |     9 |    16 |    17 |     3 |     5 |    13 ||    70
   Stab: Sleeping          |     2 |     6 |    10 |     2 |     2 |     6 |     5 |     5 |       ||    38
         Distracted        |       |       |     1 |     4 |     6 |    11 |    15 |     9 |       ||    46
         Invisible         |       |       |       |       |     2 |       |     1 |       |       ||     3
         Petrified         |       |       |       |       |     2 |       |       |       |       ||     2
         Petrifying        |       |       |       |       |     1 |       |       |       |       ||     1
 Armour: Skin              |    33 |    28 |   105 |   257 |   531 |   529 |   535 |   336 |   779 ||  3133
  Dodge: Dodged            |    39 |    14 |   127 |   418 |   800 |   816 |   636 |  1085 |  4498 ||  8433
  Block: Other             |       |       |       |       |       |    59 |       |     6 |    72 ||   137
         Reflection        |       |       |       |       |       |    15 |       |       |       ||    15
   Form: Flux              |       |       |     1 |       |       |       |       |       |       ||     1
         Serpent           |       |       |       |     1 |       |     1 |       |       |       ||     2
         Dragon            |       |       |       |       |       |       |     1 |       |       ||     1
         Storm             |       |       |       |       |       |       |       |     1 |       ||     1

Table legend: (Time is in decaauts)
 A = Elapsed time spent in this place.
 B = Non-inter-level travel time spent in this place.
 C = Inter-level travel time spent in this place.
 D = Time resting spent in this place.
 E = Time spent auto-exploring this place.
 F = Levels seen in this place.
 G = Mean time per level.
                   A        B        C        D        E       F      G
               +--------+--------+--------+--------+--------+-----+--------+
         Total | 121813 | 112765 |   9048 |   3302 |  88773 | 139 |  876.4 |
       Dungeon |  18994 |  16033 |   2961 |    582 |  12949 |  15 | 1266.3 |
        Temple |    168 |     91 |     77 |      0 |     79 |   1 |  168.0 |
          Lair |  11049 |  10093 |    956 |    106 |   7993 |   5 | 2209.8 |
         Swamp |   4646 |   4303 |    343 |     49 |   3321 |   4 | 1161.5 |
     Snake Pit |   6274 |   6022 |    252 |    144 |   4859 |   4 | 1568.5 |
    Slime Pits |   4751 |   4641 |    110 |   1551 |   2366 |   5 |  950.2 |
  Orcish Mines |   1664 |   1464 |    200 |    100 |    944 |   2 |  832.0 |
   Elven Halls |   4919 |   4737 |    182 |    252 |   3720 |   3 | 1639.7 |
        Vaults |  10318 |   9287 |   1031 |      0 |   8115 |   5 | 2063.6 |
         Crypt |   3738 |   3428 |    310 |     25 |   2784 |   3 | 1246.0 |
          Tomb |   3175 |   2849 |    326 |      0 |   2299 |   3 | 1058.3 |
        Depths |   6698 |   5637 |   1061 |     11 |   4919 |   4 | 1674.5 |
          Hell |    960 |    818 |    142 |      0 |    596 |   1 |  960.0 |
           Dis |   3654 |   3485 |    169 |      0 |   2904 |   7 |  522.0 |
       Gehenna |   3069 |   2944 |    125 |      0 |   2396 |   7 |  438.4 |
       Cocytus |   3584 |   3413 |    171 |      0 |   2781 |   7 |  512.0 |
      Tartarus |   2458 |   2284 |    174 |     83 |   1808 |   7 |  351.1 |
           Zot |   6023 |   5572 |    451 |    100 |   4751 |   5 | 1204.6 |
         Abyss |   1791 |   1791 |      0 |     19 |   1064 |   4 |  447.8 |
   Pandemonium |  15541 |  15541 |      0 |      0 |  12497 |  16 |  971.3 |
      Ziggurat |   4856 |   4856 |      0 |    126 |   3108 |  26 |  186.8 |
         Trove |    108 |    108 |      0 |      0 |      0 |   1 |  108.0 |
         Sewer |    962 |    962 |      0 |     44 |    717 |   1 |  962.0 |
        Bailey |    651 |    651 |      0 |    105 |    393 |   1 |  651.0 |
      Ice Cave |   1251 |   1251 |      0 |      0 |    992 |   1 | 1251.0 |
       Volcano |    498 |    498 |      0 |      0 |    411 |   1 |  498.0 |
               +--------+--------+--------+--------+--------+-----+--------+

Top non-repeatable levels by time:
  Lair:5: 3338 daAuts
Depths:4: 3040 daAuts
Vaults:2: 2743 daAuts
 Snake:4: 2636 daAuts
  Lair:3: 2625 daAuts
Vaults:1: 2522 daAuts
  Lair:4: 2303 daAuts
   Elf:3: 1964 daAuts
   Elf:2: 1836 daAuts
    D:12: 1833 daAuts
    D:15: 1790 daAuts
Vaults:3: 1777 daAuts
 Crypt:3: 1770 daAuts
   Dis:7: 1755 daAuts
Vaults:4: 1720 daAuts
